 Dungeon Crawl Stone Soup version 0.30-a0-612-g150a0467c1 (webtiles) character file.

Game seed: 18414752415335010909

3584561 PigKeeper the Hoplite (level 27, 206/206 HPs)
             Began as a Tengu Berserker on Jan 6, 2023.
             Was the Champion of Lugonu.
             Escaped with the Orb
             ... and 5 runes on Jan 8, 2023!
             The game lasted 08:49:49 (59894 turns).

PigKeeper the Hoplite (Tengu Berserker)            Turns: 59894, Time: 08:49:49

Health: 206/206    AC: 25    Str: 21    XL:     27
Magic:  48/48      EV: 52    Int: 21    God:    Lugonu [******]
Gold:   4839       SH: 30    Dex: 38    Spells: 22/48 levels left

rFire   + + .      SeeInvis +    a - +8 autumn katana {manifold assault}
rCold   . . .      Faith    .    j - +0 tower shield {rF+}
rNeg    + + .      Spirit   +    O - +6 faerie dragon scales {Rampage rCorr Clar}
rPois   .          Reflect  .    r - +2 hood of the Assassin {Detection Stab+ Stlth++}
rElec   .          Harm     .    z - +2 cloak of Autotheism {Will+ Dex+2 Slay+4 SInv}
rCorr   +          Rampage  +    m - +1 pair of gloves of the Swan {*Slow Int+8 Dex+3}
Will    ++++.      Clarity  +    (boots unavailable)
Stlth   ++                       o - amulet of guardian spirit
HPRegen 0.54/turn                K - ring of Starshine {rF+ rN+ Will+}
MPRegen 0.31/turn                x - ring "Cyim" {rN+ MP+9 Str+4 Dex+6}

@: flying quickly and evasively, quick
A: beak, talons 3, nimble flight, see invisible, agile 1, berserk 1, clever 1,
passive freeze, robust 1, wild magic 1, no potion heal 1, inability to read
after injury 2
0: Orb of Zot
}: 5/15 runes: decaying, serpentine, slimy, silver, abyssal
a: Renounce Religion, Depart the Abyss, Banish, Corrupt, Enter the Abyss


You escaped.
You worshipped Lugonu.
Lugonu was exalted by your worship.
You visited 11 branches of the dungeon, and saw 53 of its levels.
You visited the Abyss 2 times.
You also visited: Trove, Ice Cave and Desolation.

You collected 7689 gold pieces.
You spent 2850 gold pieces at shops.


Innate Abilities, Weirdness & Mutations

You have a beak for a mouth.
You have claws for feet.
Your magical nature lets you fly swiftly and evasively.
You have supernaturally acute eyesight. (SInv)
You are agile. (Dex +4, Str/Int -1)
You sometimes lose your temper in combat.
Your mind is acute. (Int +4, Str/Dex -1)
A frigid envelope surrounds you and freezes all who hurt you.
You are robust. (+10% HP)
Your spells are a little harder to cast, but a little more powerful.
Potions are less effective at restoring your health.
You sometimes lose the ability to read scrolls when taking damage.


   Skills:
 + Level 23.2 Fighting
 - Level 21.0 Long Blades
 - Level 10.0 Ranged Weapons
 - Level 3.5 Throwing
 - Level 18.0 Armour
 + Level 23.1 Dodging
 - Level 5.0 Stealth
 - Level 24.0 Shields
 + Level 11.2 Spellcasting
 - Level 5.0 Conjurations
 - Level 8.0 Translocations
 - Level 1.0 Transmutations
 - Level 8.0 Air Magic
 - Level 13.0 Invocations
 - Level 12.0 Evocations


You had 22 spell levels left.
You knew the following spells:

 Your Spells              Type           Power      Damage    Failure   Level
a - Apportation           Tloc           100%       N/A       1%          1
g - Vhi's Electric Charg  Tloc/Air       100%       N/A       2%          3
i - Iskenderun's Mystic   Conj/Tloc      50%        2d11      10%         4
m - Manifold Assault      Tloc           56%        N/A       5%          4
p - Passage of Golubria   Tloc           56%        N/A       5%          4
w - Wereblood             Tmut           20%        N/A       13%         2
z - Airstrike             Air            28%        2d(4-20)  6%          4
I - Blink                 Tloc           100%       N/A       1%          2
P - Passwall              Tmut/Erth      15%        N/A       17%         2

Your spell library contained the following spells:

 Spells                   Type           Power      Damage    Failure   Level
 Shock                    Conj/Air       100%       1d9       1%          1
 Magic Dart               Conj           100%       1d8       2%          1
 Momentum Strike          Conj/Tloc      100%       3d10      2%          2
 Static Discharge         Conj/Air       100%       2-7/arc   2%          2
 Gell's Gravitas          Tloc           56%        N/A       2%          3
 Lesser Beckoning         Tloc           100%       N/A       2%          3
 Swiftness                Air            56%        N/A       2%          3
 Teleport Other           Tloc           56%        N/A       2%          3
 Searing Ray              Conj           84%        2d7       3%          2
 Poisonous Vapours        Pois/Air       74%        N/A       4%          2
 Foxfire                  Conj/Fire      100%       2x1d9     5%          1
 Kindle Blastsparks       Fire/Tloc/Air  88%        2d17      5%          3
 Cigotuvi's Dreadful Rot  Necr/Pois/Air  58%        N/A       8%          2
 Portal Projectile        Hex/Tloc       74%        N/A       9%          3
 Beastly Appendage        Tmut           40%        N/A       10%         1
 Sting                    Tmut/Pois      72%        1d6       12%         1
 Freeze                   Ice            60%        1d7       14%         1
 Necrotise                Necr           60%        1d7       14%         1
 Sandblast                Erth           30%        2d9       14%         1
 Slow                     Hex            60%        N/A       14%         1
 Summon Small Mammal      Summ           60%        N/A       14%         1
 Dazzling Flash           Conj/Hex       56%        N/A       14%         3
 Hailstorm                Conj/Ice       28%        3d8       14%         3
 Stone Arrow              Conj/Erth      56%        3d10      14%         3
 Ensorcelled Hibernation  Hex/Ice        30%        N/A       21%         2
 Scorch                   Fire           30%        2d7       21%         2
 Sublimation of Blood     Necr           15%        N/A       21%         2
 Spider Form              Tmut/Pois      18%        N/A       30%         3
 Ignite Poison            Fire/Tmut/Pois 17%        N/A       32%         3
 Call Canine Familiar     Summ           15%        N/A       36%         3
 Confusing Touch          Hex            15%        N/A       36%         3
 Frozen Ramparts          Ice            30%        1d5       36%         3
 Inner Flame              Hex/Fire       15%        N/A       36%         3
 Summon Guardian Golem    Hex/Summ       15%        N/A       36%         3
 Tukima's Dance           Hex            15%        N/A       36%         3
 Vampiric Draining        Necr           15%        2d7       36%         3
 Flame Wave               Conj/Fire      28%        2d9       41%         4
 Fulminant Prism          Conj/Hex       14%        3d8       41%         4
 Sticky Flame             Conj/Fire      28%        2d5       41%         4
 Freezing Cloud           Conj/Ice/Air   19%        6-21      50%         5
 Silence                  Hex/Air        18%        N/A       54%         5
 Summon Forest            Summ/Tloc      18%        N/A       54%         5
 Ice Form                 Ice/Tmut       18%        N/A       67%         4
 Petrify                  Tmut/Erth      18%        N/A       67%         4
 Irradiate                Conj/Tmut      15%        3d16      67%         5
 Anguish                  Hex/Necr       7%         N/A       75%         4
 Animate Armour           Summ/Erth      30%        N/A       75%         4
 Cause Fear               Hex            7%         N/A       75%         4
 Leda's Liquefaction      Hex/Erth       7%         N/A       75%         4
 Olgreb's Toxic Radiance  Pois           15%        N/A       75%         4
 Summon Ice Beast         Ice/Summ       15%        N/A       75%         4
 Fireball                 Conj/Fire      14%        3d8       75%         5
 Blade Hands              Tmut           10%        N/A       90%         5
 Yara's Violent Unravell  Hex/Tmut       9%         3d6       95%         5
 Agony                    Necr           15%        N/A       97%         5
 Lee's Rapid Deconstruct  Erth           7%         3d7*      97%         5
 Metabolic Englaciation   Hex/Ice        7%         N/A       97%         5
 Starburst                Conj/Fire      14%        6d6       99%         6
 Death Channel            Necr           7%         N/A       100%        6
 Eringya's Noxious Bog    Tmut/Pois      9%         N/A       100%        6
 Simulacrum               Ice/Necr       7%         N/A       100%        6
 Statue Form              Tmut/Erth      12%        N/A       100%        6
 Summon Cactus Giant      Summ           7%         N/A       100%        6
 Dragon Form              Tmut           10%        N/A       100%        7
 Orb of Destruction       Conj           21%        9d8       100%        7
 Ozocubu's Refrigeration  Ice            7%         4d9       100%        7
 Spellforged Servitor     Conj/Summ      14%        N/A       100%        7
 Storm Form               Tmut/Air       20%        N/A       100%        7
 Summon Hydra             Summ           7%         N/A       100%        7
 Ignition                 Fire           7%         3d5       100%        8
 Lehudib's Crystal Spear  Conj/Erth      14%        10d5      100%        8
 Fire Storm               Conj/Fire      14%        8d4       100%        9
 Polar Vortex             Ice            7%         N/A       100%        9
 Shatter                  Erth           7%         3d10*     100%        9

Inventory:

Hand Weapons
 a - the +8 autumn katana (weapon) {manifold assault}
   (Trog gifted it to you on level 10 of the Dungeon)

   It sometimes launches melee attacks against multiple visible enemies.
 b - a +2 sling of draining
   (You bought it in a shop on level 11 of the Dungeon)
 w - a +9 double sword of distortion {rare}
   (Trog gifted it to you on level 3 of the Lair of Beasts)
Missiles
 t - 58 poisoned darts (quivered)
 S - 22 curare-tipped darts {=f}
 T - 3 javelins
 V - 11 throwing nets {=f!f}
 W - 12 silver javelins
Armour
 j - a +0 tower shield of fire resistance (worn)
   (You took it off a naga warrior on level 2 of the Snake Pit)
 m - the +1 pair of gloves of the Swan (worn) {*Slow Int+8 Dex+3}
   (You acquired it on level 4 of the Vaults)

   Int:       It affects your intelligence (+8).
   Dex:       It affects your dexterity (+3).
   *Slow:     It may slow you when you take damage.
 r - the +2 hood of the Assassin (worn) {Detection Stab+ Stlth++}
   (You found it on level 5 of the Vaults)

   It allows the wearer to sense nearby creatures.
   It allows the wearer to make particularly effective stabbing attacks against
   helpless or unaware enemies with any weapon.
   Stlth:     It makes you much more stealthy.
 z - the +2 cloak of Autotheism (worn) {Will+ Dex+2 Slay+4 SInv}
   (You found it on level 2 of the Snake Pit)

   Dex:       It affects your dexterity (+2).
   Slay:      It affects your accuracy & damage with ranged weapons and melee
   (+4).
   SInv:      It lets you see invisible.
   Will:      It increases your willpower.
 O - the +6 faerie dragon scales (worn) {Rampage rCorr Clar}
   (You took it off the Enchantress on level 1 of the Depths)

   Clar:      It protects you against confusion.
   rCorr:     It protects you from acid and corrosion.
   Rampage:   It bestows one free step when moving towards enemies.
Jewellery
 o - an amulet of guardian spirit (around neck)
   (You bought it in a shop on level 2 of the Orcish Mines)
 u - a ring of the Octopus King {rC+ HP+2 AC+2 EV+2 SH+2}
   (You took it off a deep elf demonologist on level 3 of the Elven Halls)

   [ring of protection from cold]

   AC:        It affects your AC (+2).
   EV:        It affects your evasion (+2).
   rC:        It protects you from cold.
   HP:        It affects your health (+2).
   SH:        It affects your SH (+2).
 x - the ring "Cyim" (right hand) {rN+ MP+9 Str+4 Dex+6}
   (You took it off an imperial myrmidon in the Desolation of Salt)

   [ring of dexterity]

   Str:       It affects your strength (+4).
   Dex:       It affects your dexterity (+6).
   rN:        It protects you from negative energy.
   MP:        It affects your magic capacity (+9).
 D - a +6 ring of dexterity
   (You found it on level 5 of the Vaults)
 E - the ring of Zatostrep {Wiz rF++}
   (You found it on level 3 of the Elven Halls)

   [ring of wizardry]

   It improves your spell success rate.
   rF:        It greatly protects you from fire.
 K - the ring of Starshine (left hand) {rF+ rN+ Will+}
   (You found it in the Desolation of Salt)

   [ring of protection from fire]

   rF:        It protects you from fire.
   rN:        It protects you from negative energy.
   Will:      It increases your willpower.
Wands
 f - a wand of roots (52)
   (You found it on level 8 of the Dungeon)
 i - a wand of digging (6)
   (You found it on level 14 of the Dungeon)
 G - a wand of quicksilver (18)
   (You found it on level 2 of the Depths)
 I - a wand of charming (38)
   (You found it on level 2 of the Lair of Beasts)
 J - a wand of mindburst (49)
   (You found it on level 9 of the Dungeon)
Scrolls
 c - 12 scrolls of magic mapping {!r}
 d - 28 scrolls of teleportation {@r4}
 e - 2 scrolls of silence {!r}
 k - 10 scrolls of vulnerability {!r!r}
 l - 14 scrolls of fog
 q - 8 scrolls of immolation {!r!r}
 s - 6 scrolls of fear
 y - 6 scrolls of blinking {!r}
 U - 7 scrolls of poison {!r}
 Z - 3 scrolls of summoning
Potions
 g - 13 potions of heal wounds {@q2}
 h - 4 potions of berserk rage {!q}
 p - 8 potions of cancellation
 A - 16 potions of might
 B - 6 potions of resistance
 C - 2 potions of invisibility
 L - 10 potions of magic
 P - 13 potions of ambrosia
 Q - 4 potions of haste {@q3}
 R - 25 potions of curing {@q1}
 X - a potion of mutation {!q}
Miscellaneous
 n - a box of beasts
   (You found it in the Desolation of Salt)
 v - a lightning rod (4/4)
   (You found it on level 3 of the Elven Halls)
 F - a condenser vane
   (You found it on level 11 of the Dungeon)
 H - a tin of tremorstones (2/2)
   (You found it on level 4 of the Snake Pit)
 N - a phial of floods
   (You found it on level 2 of the Elven Halls)
 Y - a phantom mirror
   (You found it on level 3 of the Elven Halls)

Dungeon Overview and Level Annotations

Branches:
Dungeon (15/15)            Temple (1/1) D:5            Lair (5/5) D:9
  Swamp (4/4) Lair:2        Snake (4/4) Lair:3        Slime (5/5) Lair:5
    Orc (2/2) D:9             Elf (3/3) Orc:2        Vaults (5/5) D:13
  Crypt (0/3) Vaults:2     Depths (4/4) D:15            Zot (5/5) Depths:4
  IceCv (visited)         Desolation (visited)

Altars:
Ashenzari
Dithmenos
Elyvilon
Fedhas
Gozag
Hepliaklqana
Makhleb
Nemelex Xobeh
Okawaru
Ru
Vehumet
Wu Jian
Zin
Jiyva
Lugonu

Shops:
D:4 *   D:11 (   D:15 !   Orc:2 (=*[   Elf:3 :=   Snake:4 (*[

Portals:
Hell: Depths:1 Depths:2 Depths:3 Depths:4
Abyss: Depths:1 Depths:3
Pandemonium: Depths:2 Depths:3
Ziggurat: Depths:3

Annotations:
Vaults:5 corrupted
Zot:5 corrupted
Abyss:1 Margery, Tiamat

................##.###.#......#
..####...####...##.#...#......#
..# #...###..#.##.......######
..# #....#...........###########
### #.......#.....#............#
### #...##.##.######.........#.#
##.###)).##..8.....8....#..##....
....#........#.....#...##..##....
.##.....##...#..@[.#..###..##...#
..#.#...##...#.....#............#
#...#........8.....8..####.......
#.#.#.#.##..######.##.# #.#..#..
..#..##.##...#.....##.####.......
#.#.#.................##.........
#...###.####.....#######.....#.#.
#.#.###.########.# #...†#.....
..#........# #.# ##.#....#...


There were no monsters in sight!


Message History

A tormentor comes into view.
You slice the tormentor!! You claw the tormentor.
You peck the tormentor, but do no damage.
You barely miss the tormentor.
You claw the tormentor, but do no damage.
You slice the tormentor!!
You kill the tormentor!
Lugonu accepts your kill.
(D) Dungeon (T) Temple (L) Lair (S) Swamp (P) Snake Pit (M) Slime Pits (O) Orcish Mines (E) Elven Halls (V) Vaults (C) Crypt (U) Depths (H) Hell (Z) Zot
Where to? (Enter - D:12 @ (x,y), ? - help)
An Executioner comes into view.
There is a stone staircase leading up here.
You rampage towards the Executioner!
You slash the Executioner! You claw the Executioner. You peck the Executioner.
You block the Executioner's attack.
The Executioner hits you but does no damage.
The Executioner resists.
The Executioner is very cold.
You block the Executioner's attack. x2
The Executioner hits you but does no damage.
The Executioner resists.
The Executioner is very cold.
The Executioner completely misses you.
You hit the Executioner. Your kick misses the Executioner.
You peck the Executioner. You block the Executioner's attack. x3
You open the Executioner like a pillowcase!!!
You kill the Executioner!
Lugonu accepts your kill.
There is a stone staircase leading up here.
You fly upwards.
There is a stone staircase leading down here.
There is a stone staircase leading up here.
You fly upwards.
There is a stone staircase leading down here.
There is a stone staircase leading up here.
You fly upwards.
There is a stone staircase leading down here.
Items here: ))) [[[.
You see here a +0 short sword.
There is a stone staircase leading up here.
You fly upwards.
There is a stone staircase leading down here.
Things that are here:
a +0 scale mail; a +0 hand axe You see here a +0 shortbow.
You see here a +0 falchion.
There is a stone staircase leading up here.
You fly upwards.
There is a stone staircase leading down here.
A hellion comes into view.
Casting: Vhi's Electric Charge (mildly dangerous; 2% risk of failure)
Confirm with . or Enter, or press ? or * to list all spells.
Space folds impossibly around your blade!
You slash the hellion! 😎 MP[-4]
You lost 4 mp, and now have 44/48 mp.
Casting: Manifold Assault (mildly dangerous; 5% risk of failure)
Confirm with . or Enter, or press ? or * to list all spells.
Charge where?
Press: ? - help, Dir - move target, f - hellion
Aim: a hellion (lightly wounded, 90% to hit)
You charge forward with an electric crackle!
You slice the hellion and electrocute it!!
You kill the hellion!
Lugonu accepts your kill. 😎 MP[-3]
You lost 3 mp, and now have 41/48 mp.
Items here: )))) [[.
You see here a +0 dagger.
There is a stone staircase leading up here. 😎 MP[+3]
You regained 3 mp, and now have 44/48 mp.
You fly upwards.
There is a stone staircase leading down here. 😎 MP[+1]
You see here a +0 great sword.
There is a stone staircase leading up here. 😎 MP[+1]
You fly upwards.
There is a stone staircase leading down here. 😎 MP[+1]
There is a stone staircase leading up here.
You fly upwards.
There is a stone staircase leading down here. 😎 MP[+1]
Your mp is fully restored (48).
You reach down and open the door.
There is an open door here.
There is a stone staircase leading up here.
You fly upwards.
There is a stone staircase leading down here.
There is a stone staircase leading up here.
You fly upwards.
There is a stone staircase leading down here.
There is an escape hatch in the ceiling here.
A mysterious force pulls you upwards. The hatch slams shut behind you.
You see here a bat skeleton.
There is a staircase leading out of the dungeon here.
You have escaped!

Skill      XL: |  1  2  3  4  5  6  7  8  9 10 11 12 13 14 15 16 17 18 19 20 21 22 23 24 25 26 27 |
---------------+----------------------------------------------------------------------------------+-----
Long Blades    | 4 5 6 7 9 10 11 13 14 15 16 17 19 21 | 21.0
Ranged Weapons | 1 2 3 5 6 9 10 | 10.0
Dodging        | 4 7 9 10 12 13 14 15 16 17 18 19 23 | 23.1
Fighting       | 5 6 8 10 11 13 14 15 17 18 19 20 21 22 23 | 23.2
Stealth        | 2 3 5 |  5.0
Throwing       | 1 3 |  3.5
Evocations     | 2 6 8 9 10 11 12 | 12.0
Shields        | 6 11 14 15 16 18 19 20 21 24 | 24.0
Armour         | 3 5 7 9 12 13 15 18 | 18.0
Spellcasting   | 2 4 11 | 11.2
Translocations | 2 3 4 8 |  8.0
Invocations    | 4 7 8 9 13 | 13.0
Air Magic      | 5 7 8 |  8.0
Conjurations   | 5 |  5.0
Transmutations | 1 |  1.0

Action                   |  1- 3 |  4- 6 |  7- 9 | 10-12 | 13-15 | 16-18 | 19-21 | 22-24 | 25-27 || total
-------------------------+-------+-------+-------+-------+-------+-------+-------+-------+-------++-------
Melee: Falchion          |    19 |       |       |       |       |       |       |       |       ||    19
       Kick              |     6 |    15 |    42 |   120 |   249 |   320 |   455 |   792 |  1085 ||  3084
       Peck              |     5 |     7 |    12 |    75 |   157 |   203 |   265 |   478 |   670 ||  1872
       Dagger            |    17 |    52 |    37 |     4 |     3 |       |       |       |       ||   113
       Great sword       |       |       |   120 |   357 |    94 |       |       |       |       ||   571
       Double sword      |       |       |       |       |   219 |       |       |       |    26 ||   245
       Punch             |       |       |       |       |     1 |       |       |       |       ||     1
       Triple sword      |       |       |       |       |   114 |       |       |       |       ||   114
       Katana            |       |       |       |       |   350 |   821 |  1197 |  1762 |  2386 ||  6516
       Demon blade       |       |       |       |       |       |    35 |       |       |       ||    35
 Fire: Sling             |    75 |    39 |     2 |       |    78 |   112 |    72 |    35 |     8 ||   421
       Shortbow          |       |       |     2 |    28 |    75 |       |       |       |       ||   105
       Longbow           |       |       |       |       |    98 |       |       |       |       ||    98
Throw: Stone             |       |     1 |     4 |    20 |    14 |       |       |       |       ||    39
       Dart              |       |       |       |     1 |    11 |     7 |    65 |     3 |       ||    87
       Javelin           |       |       |       |       |       |       |     1 |       |       ||     1
 Cast: Blink             |       |       |       |       |       |       |       |     3 |     6 ||     9
       Manifold Assault  |       |       |       |       |       |       |       |       |    13 ||    13
       Airstrike         |       |       |       |       |       |       |       |       |     7 ||     7
       Vhi's Electric Ch |       |       |       |       |       |       |       |       |     5 ||     5
       Wereblood         |       |       |       |       |       |       |       |       |     1 ||     1
Invok: Berserk           |       |     2 |     2 |     6 |    10 |     8 |     7 |     1 |       ||    36
       Trog's Hand       |       |       |       |     5 |     5 |    10 |     4 |     1 |       ||    25
       Brothers in Arms  |       |       |       |       |     1 |       |     1 |       |       ||     2
       Renounce Religion |       |       |       |       |       |       |       |     1 |       ||     1
       Brand Weapon With |       |       |       |       |       |       |       |       |     1 ||     1
       Corrupt           |       |       |       |       |       |       |       |       |     2 ||     2
Evoke: Wand              |       |       |       |     8 |    10 |    12 |       |     2 |     3 ||    35
       Condenser vane    |       |       |       |       |       |     1 |       |     1 |     1 ||     3
       Phantom mirror    |       |       |       |       |       |       |       |     1 |       ||     1
  Use: Scroll            |       |       |     9 |     3 |     8 |    10 |     1 |     6 |    21 ||    58
       Potion            |       |       |       |       |     8 |     3 |     2 |     5 |    24 ||    42
 Stab: Sleeping          |       |       |     5 |     2 |    10 |    25 |    22 |    20 |    18 ||   102
       Distracted        |       |       |       |       |     4 |     3 |     5 |     4 |    14 ||    30
Armor: Animal skin       |     5 |     3 |       |       |       |       |       |       |       ||     8
       Ring mail         |       |     6 |     1 |       |       |       |       |       |       ||     7
       Robe              |       |       |    20 |    31 |    46 |    32 |    39 |     5 |       ||   173
       Acid dragon scale |       |       |       |       |       |       |       |    82 |   134 ||   216
Dodge: Dodged            |    34 |    30 |    76 |   421 |   550 |   412 |   517 |   716 |  1326 ||  4082
Block: Buckler           |       |       |       |       |    47 |       |       |       |       ||    47
       Kite shield       |       |       |       |       |     5 |   417 |   323 |       |       ||   745
       Tower shield      |       |       |       |       |       |       |   403 |  1353 |  1895 ||  3651

Levels and vault maps discovered:
D:1:      scummos_arrival_simple_crosswalls, layout_loops_cross,
          nicolae_concentric_dashed_squares_mild, serial_park_tiny_pond,
          hangedman_decor_lopped
D:2:      layout_basic, basic_altar
D:3:      layout_rooms, vehumet_altar_wand_db
D:4:      layout_loops_corners, serial_shops, shop_statue, grunt_ministairs_14,
          uniq_crazy_yiuf_cottage, uniq_pikel
D:5:      layout_loops_ring, nicolae_hepliaklqana_hippocampus,
          minmay_temple_entry_drinking_statues
D:6:      layout_basic, mainiacjoe_overflow_cross_hatched, uniq_edmund
D:7:      layout_loops_corners, marbit_many_paths, amcnicky_altar_gilded,
          minivault_14
D:8:      layout_basic
D:9:      layout_basic, nicolae_gozag_cash_rules_everything_around_me,
          lair_entry_dummy, orc_0_dummy, kennysheep_kite_vault, uniq_grum,
          uniq_maurice, uniq_amaemon
D:10:     layout_cave_pools, chequers_temple_overflow_minitemple, serial_undead,
          serial_undead_d, serial_undead_d, serial_undead_b, serial_undead_c
D:11:     layout_loops_ring, serial_shops, nicolae_shop_waterfront, laboratory,
          uniq_harold, uniq_fannar
D:12:     layout_loops_ring, gammafunk_ghost_nasty_kobolds, minivault_7
D:13:     layout_cave_pools, ximxim_vaults_locker_room, uniq_sonja
D:14:     layout_loops_cross, minmay_large_rounded_square, uniq_rupert,
          uniq_roxanne, uniq_azrael
D:15:     grunt_enter_depths_giant_problem, layout_small_grid, serial_shops,
          nicolae_shop_stone, serial_rivers, chequers_serial_rivers_room_a,
          chequers_serial_rivers_marsh, chequers_serial_rivers_small_b,
          chequers_serial_rivers_marsh
Temple:   minmay_temple_curvy_loop
Lair:1:   layout_long_grid, serial_bayou_shore_a, grunt_megastairs_1
Lair:2:   layout_cellular_growth, minmay_swamp_entry_worms, minivault_11,
          beast_lair_carwin_1, lemuel_fruit_fields
Lair:3:   layout_loops_ring, nicolae_snake_entry_warm_welcome,
          portal_ice_cave_entry_ice_simulacra, lemuel_fruit_tree,
          grunt_megastairs_2, infiniplex_staircase_pool
Lair:4:   layout_cave_pods, uniq_nessos
Lair:5:   gammafunk_lair_ancient_temple, layout_concentric_octagons,
          slime_entry_1, serial_forest, infiniplex_forest_straight_1,
          infiniplex_forest_clump_cross, infiniplex_forest_lined_1,
          infiniplex_forest_clump_small, infiniplex_forest_end_2,
          infiniplex_forest_lined_ring, infiniplex_forest_lined_ring,
          infiniplex_forest_lined_room_3, serial_bayou_shore_b
Swamp:1:  layout_basic_swamp, evilmike_swamp_ruin_house_1
Swamp:2:  layout_falls_marsh, infiniplex_staircase_pool_2
Swamp:3:  layout_basic_swamp, gammafunk_ghost_split, evilmike_swamp_ruin_house_3
Swamp:4:  swamp_basic_johnstein, layout_basic_swamp, swamp_pool4
Snake:1:  nicolae_snake_shooting_gallery, layout_onion_interference,
          nicolae_snake_round_shape_thing, serial_bayou_pond_a
Snake:2:  layout_onion_interference, serial_bayou_shore_b, uniq_agnes
Snake:3:  layout_misc_corridors, nrook_loot_triangle, uniq_mara
Snake:4:  grunt_snake_rune_pools, layout_cave_town, serial_shops,
          nicolae_shop_stone, gammafunk_ghost_grave, minmay_shop_star,
          uniq_asterion
Slime:1:  layout_caves
Slime:2:  layout_caves
Slime:3:  layout_caves, nicolae_slime_phagocytosis
Slime:4:  layout_caves
Slime:5
Orc:1:    layout_diamond_mine, okawaru_metal_pillars_3
Orc:2:    grunt_orc_cross, layout_caves, special_room
Elf:1:    layout_loops_corners, gammafunk_ghost_tricky_traps,
          hangedman_elf_disciples
Elf:2:    nicolae_elf_blades_crystal_corner, layout_gridlike,
          serial_sigils_hangedman_confine, serial_sigils_hangedman_scratch,
          nicolae_elf_deep_mausoleum
Elf:3:    elf_hall_gauntlet_wide, layout_onion_city, serial_shops,
          shop_fountains, nicolae_rare_books, grunt_megastairs_4
Vaults:1: portal_desolation_entry_nicolae_slug, nicolae_vaults_shelves_hall,
          ontoclasm_vaults_decontamination, nicolae_vaults_triangles,
          vaults_dpeg_ring, ontoclasm_vaults_eye, v_alt_pattern_3,
          dpeg_vaults_waves, ontoclasm_vaults_ligature, v_misc_22,
          layout_vaults_maze_bifur
Vaults:2: vaults_standard_mumra_enter_the_diamond, v_misc_4,
          nicolae_vaults_alarming, minmay_crypt_entry_simple_statues,
          v_pattern_5, v_alt_pattern_6, v_misc_1, v_misc_8,
          nicolae_vaults_asterisk, layout_vaults_omnigrid, uniq_frederick,
          uniq_donald, uniq_xtahua, uniq_aizul, uniq_nikola
Vaults:3: vaults_dpeg_doors, v_misc_11, vaults_room_semicircle,
          hangedman_vaults_locks, vaults_room_corners,
          vaults_room_grunt_arrival_checkpoint, vaults_dpeg_emergency_exit,
          v_misc_2, vaults_mumra_lcd, vaults_room_semicircle,
          nicolae_vaults_little_squares_3, v_alt_pattern_2,
          layout_vaults_omnibox
Vaults:4: hangedman_vaults_corner_blocks, vaults_room_boxed,
          ontoclasm_vaults_pinch, vaults_room_grid, nicolae_vaults_big_ls,
          ontoclasm_vaults_spin, nicolae_vaults_theta, v_misc_28, v_misc_15,
          st_lines, vaults_dpeg_diagonal, vaults_room_pool, vaults_dpeg_hooks,
          layout_vaults_ring, nicolae_trove_entry_path_of_doom, uniq_margery
Vaults:5: serial_shops
Depths:1: layout_basic, hell_entry, abyss_entry_flame_altar,
          nzn_wu_jian_contemplation, uniq_enchantress
Depths:2: minmay_stepped, layout_gridlike, rand_demon_pan_entry_7, hell_entry,
          minmay_misc_feat_diagonals, grunt_megastairs_3,
          infiniplex_staircase_9_rooms
Depths:3: nicolae_cairo_tiling_very_big, layout_gridville, enter_ziggurat_d,
          rand_demon_pan_entry_5, ashenzari_altar_1, abyss_entry,
          pf_hell_entry_tar_spiral, infiniplex_staircase_zigzag_3
Depths:4: grunt_zot_entry_alcove, layout_gridlike,
          chequers_serial_rivers_micro_b, serial_rivers,
          chequers_serial_rivers_small_a, chequers_serial_rivers_small_a,
          chequers_serial_rivers_marsh, chequers_serial_rivers_small_3,
          hell_entry, minmay_guarded_unrand_wrath_of_trog
Zot:1:    layout_misc_corridors, st_large_dragon_hoard_2
Zot:2:    layout_cathedral_of_symmetry, amethyst_zot_foddershock,
          grunt_megastairs_5
Zot:3:    lemuel_draconian_sentries_small, layout_cellular_growth, uniq_tiamat
Zot:4:    layout_misc_corridors
Zot:5:    layout_misc_corridors

Notes
Turn   | Place    | Note
-------+----------+-------------------------------------------
     0 | D:1      | PigKeeper the Tengu Berserker began the quest for the Orb.
     0 | D:1      | Reached XP level 1. HP: 14/14 MP: 2/2
    70 | D:1      | Reached XP level 2. HP: 19/19 MP: 3/3
    87 | D:1      | Reached skill level 4 in Long Blades
   468 | D:1      | Reached XP level 3. HP: 23/23 MP: 4/4
   604 | D:1      | Reached ** piety under Trog
   942 | D:2      | Reached skill level 1 in Ranged Weapons
   993 | D:2      | Reached skill level 5 in Long Blades
  1080 | D:2      | Reached XP level 4. HP: 26/28 MP: 5/5
  1095 | D:2      | Found a burning altar of Makhleb.
  1396 | D:3      | Found a radiant altar of Vehumet.
  1656 | D:3      | Noticed a phantom
  1666 | D:3      | Killed a phantom
  1667 | D:3      | Reached skill level 2 in Ranged Weapons
  1667 | D:3      | Gained mutation: Your magical nature lets you fly swiftly
                  | and evasively. [Tengu growth]
  1667 | D:3      | Reached XP level 5. HP: 32/32 MP: 6/6
  1691 | D:3      | You pick up a book of Dreams {forbidden} and begin
                  | reading...
  1691 | D:3      | You add the spells Ensorcelled Hibernation, Spider Form and
                  | Anguish to your library.
  1874 | D:4      | Reached skill level 6 in Long Blades
  1874 | D:4      | Reached skill level 3 in Ranged Weapons
  1874 | D:4      | Reached XP level 6. HP: 37/37 MP: 7/7
  2137 | D:4      | Noticed Pikel
  2144 | D:4      | Killed Pikel
  2145 | D:4      | Reached skill level 7 in Long Blades
  2145 | D:4      | Reached skill level 5 in Ranged Weapons
  2145 | D:4      | Reached XP level 7. HP: 41/41 MP: 8/8
  2216 | D:4      | Found a runed translucent door.
  2217 | D:4      | Noticed Crazy Yiuf
  2338 | D:4      | Identified the +1 robe of the Heavens {-Cast Rampage Will+
                  | Regen+ rCorr}
  2553 | D:4      | Found Peekony's Assorted Antiques.
  2609 | D:4      | Reached *** piety under Trog
  2610 | D:4      | Reached skill level 6 in Ranged Weapons
  2634 | D:4      | Reached XP level 8. HP: 41/46 MP: 9/9
  2831 | D:4      | Killed Crazy Yiuf
  2923 | D:5      | Entered Level 5 of the Dungeon
  2925 | D:5      | Reached skill level 8 in Long Blades
  3006 | D:5      | Reached skill level 3 in Dodging
  3072 | D:5      | Reached skill level 4 in Fighting
  3095 | D:5      | Reached skill level 4 in Dodging
  3181 | D:5      | Found a hazy altar of Hepliaklqana.
  3285 | D:5      | Found a staircase to the Ecumenical Temple.
  3604 | Temple   | Entered the Ecumenical Temple
  3654 | D:6      | Found an iron altar of Okawaru.
  3658 | D:6      | Reached skill level 9 in Long Blades
  3663 | D:6      | Reached skill level 5 in Fighting
  3663 | D:6      | Reached XP level 9. HP: 54/54 MP: 10/10
  3672 | D:6      | Reached skill level 5 in Dodging
  3686 | D:6      | You pick up a book of Frost {forbidden} and begin
                  | reading...
  3686 | D:6      | You add the spells Freeze, Frozen Ramparts and Hailstorm to
                  | your library.
  3703 | D:6      | Noticed Edmund
  3715 | D:6      | Killed Edmund
  3772 | D:6      | Reached **** piety under Trog
  3922 | D:6      | Reached skill level 6 in Dodging
  4012 | D:6      | Reached skill level 6 in Fighting
  4275 | D:7      | Reached skill level 10 in Long Blades
  4323 | D:7      | Found a sacrificial altar of Ru.
  4608 | D:7      | Found a sparkling altar of Nemelex Xobeh.
  4738 | D:7      | You pick up a book of Spatial Translocations {forbidden}
                  | and begin reading...
  4738 | D:7      | You add the spells Blink, Momentum Strike and Lesser
                  | Beckoning to your library.
  4796 | D:7      | Reached skill level 7 in Dodging
  4875 | D:7      | Reached XP level 10. HP: 61/61 MP: 11/11
  4906 | D:7      | Reached skill level 7 in Fighting
  4971 | D:7      | You pick up a book of Burglary {forbidden} and begin
                  | reading...
  4971 | D:7      | You add the spells Passwall and Swiftness to your library.
  5335 | D:8      | Reached ***** piety under Trog
  5353 | D:8      | Reached skill level 8 in Dodging
  5354 | D:8      | Reached skill level 11 in Long Blades
  5856 | D:8      | Reached skill level 8 in Fighting
  6322 | D:9      | Found a staircase to the Orcish Mines.
  6368 | D:9      | Found an opulent altar of Gozag.
  6412 | D:9      | Noticed Grum
  6579 | D:9      | Noticed Amaemon
  6579 | D:9      | Noticed an orange demon
  6591 | D:9      | Killed an orange demon
  6592 | D:9      | Reached skill level 9 in Dodging
  6601 | D:9      | Killed Amaemon
  6602 | D:9      | Reached XP level 11. HP: 69/69 MP: 12/12
  6622 | D:9      | Reached skill level 12 in Long Blades
  6625 | D:9      | Reached skill level 9 in Fighting
  6635 | D:9      | Identified the +1 rapier "Newt's Demise" {spect, rPois
                  | Str+10 Int-4}
  6756 | D:9      | You pick up a book of Weapons {forbidden} and begin
                  | reading...
  6756 | D:9      | You add the spells Tukima's Dance, Portal Projectile and
                  | Blade Hands to your library.
  6758 | D:9      | Found a staircase to the Lair.
  6843 | D:9      | Killed Grum
  6854 | D:9      | Reached skill level 10 in Dodging
  7003 | D:9      | Noticed Maurice
  7015 | D:9      | Maurice changed into Maurice the howler monkey
  7015 | D:9      | Noticed Maurice
  7021 | D:9      | Killed Maurice the howler monkey
  7053 | D:9      | You pick up a book of the Hunter {forbidden} and begin
                  | reading...
  7053 | D:9      | You add the spells Call Canine Familiar and Leda's
                  | Liquefaction to your library.
  7117 | Lair:1   | Entered Level 1 of the Lair of Beasts
  7269 | Lair:1   | Reached skill level 10 in Fighting
  7468 | Lair:1   | Reached skill level 13 in Long Blades
  7581 | Lair:1   | Reached XP level 12. HP: 78/78 MP: 13/13
  7583 | Lair:1   | Reached skill level 11 in Dodging
  8298 | Lair:2   | Received a gift from Trog
  8347 | Lair:2   | Noticed a boulder beetle
  8361 | Lair:2   | Killed a boulder beetle
  8566 | Lair:2   | Reached skill level 11 in Fighting
  8713 | Lair:2   | Found a staircase to the Swamp.
  8791 | Lair:2   | Reached skill level 14 in Long Blades
  8791 | Lair:2   | Reached skill level 12 in Dodging
  8875 | Lair:2   | You are sucked into a shaft and drop 1 floor!
  8878 | Lair:3   | Found a staircase to the Snake Pit.
  8916 | Lair:3   | Noticed a seven-headed hydra
  8920 | Lair:3   | Reached skill level 1 in Stealth
  8929 | Lair:3   | Killed a seven-headed hydra
  8930 | Lair:3   | Reached skill level 1 in Throwing
  8930 | Lair:3   | Reached skill level 1 in Evocations
  9028 | Lair:3   | Reached skill level 2 in Stealth
  9061 | Lair:3   | Found a frozen archway.
  9207 | IceCv    | Entered an ice cave
  9213 | IceCv    | Reached skill level 2 in Evocations
  9236 | IceCv    | Noticed a death yak
  9238 | IceCv    | Noticed a death yak
  9243 | IceCv    | Killed a death yak
  9244 | IceCv    | Reached XP level 13. HP: 85/85 MP: 14/14
  9251 | IceCv    | Reached skill level 3 in Evocations
  9302 | IceCv    | Reached skill level 12 in Fighting
  9341 | IceCv    | Reached skill level 4 in Evocations
  9345 | IceCv    | Reached skill level 13 in Dodging
  9393 | IceCv    | Noticed a frost giant
  9416 | IceCv    | Killed a frost giant
  9573 | IceCv    | Reached skill level 5 in Evocations
  9584 | IceCv    | Reached skill level 2 in Throwing
  9955 | Lair:3   | Received a gift from Trog
  9956 | Lair:3   | Reached skill level 3 in Throwing
  9956 | Lair:3   | T - a +2 double sword {rare}
  9957 | Lair:3   | your +2 double sword {rare} glows red for a moment.
  9958 | Lair:3   | your +3 double sword {rare} glows red for a moment.
  9968 | Lair:3   | You pick up a book of Necromancy {forbidden} and begin
                  | reading...
  9968 | Lair:3   | You add the spells Necrotise, Vampiric Draining and Agony
                  | to your library.
  9999 | Lair:3   | Identified the +2 robe of Dishonour {rC+}
 10089 | Lair:3   | T - a +4 double sword (weapon) {rare}
 10118 | Lair:3   | T - a +4 double sword (weapon) {rare}
 10118 | Lair:3   | a - a +4 double sword (weapon) {rare}
 10188 | Lair:3   | a - a +4 double sword (weapon) {rare}
 10329 | Lair:4   | Noticed Nessos
 10338 | Lair:4   | HP: 21/87 [Nessos/arrow (7)]
 10340 | Lair:4   | Killed Nessos
 10343 | Lair:4   | HP: 19/87 [poisoned by Nessos]
 10401 | Lair:4   | a - a +4 double sword (weapon) {rare}
 10444 | Lair:4   | a - a +4 double sword (weapon) {rare}
 10458 | Lair:4   | Reached skill level 6 in Evocations
 10676 | Lair:4   | a - a +4 double sword (weapon) {rare}
 10798 | Lair:4   | Reached skill level 13 in Fighting
 10798 | Lair:4   | Reached XP level 14. HP: 94/94 MP: 15/15
 10818 | Lair:4   | a - a +4 double sword (weapon) {rare}
 11235 | Lair:5   | Entered Level 5 of the Lair of Beasts
 11238 | Lair:5   | Reached skill level 14 in Dodging
 11257 | Lair:5   | a - a +4 double sword (weapon) {rare}
 11264 | Lair:5   | a - a +4 double sword (weapon) {rare}
 11273 | Lair:5   | a - a +4 double sword (weapon) {rare}
 11329 | Lair:5   | a - a +4 double sword (weapon) {rare}
 11343 | Lair:5   | a - a +4 double sword (weapon) {rare}
 11363 | Lair:5   | a - a +4 double sword (weapon) {rare}
 11407 | Lair:5   | HP: 22/94 [black mamba (11)]
 11418 | Lair:5   | HP: 12/94 [snapping turtle (21)]
 11440 | Lair:4   | Reached skill level 7 in Ranged Weapons
 11500 | Lair:2   | Reached skill level 15 in Long Blades
 12285 | Lair:5   | Found a staircase to the Slime Pits.
 12286 | Lair:5   | Found a viscous altar of Jiyva.
 12342 | Lair:5   | a - a +4 double sword (weapon) {rare}
 12399 | Lair:5   | a - a +4 double sword (weapon) {rare}
 12422 | Lair:5   | a - a +4 double sword (weapon) {rare}
 12658 | Lair:5   | a - a +4 double sword (weapon) {rare}
 12659 | Lair:5   | Received a gift from Trog
 12660 | Lair:5   | Reached skill level 8 in Ranged Weapons
 12662 | Lair:5   | Z - a +3 heavy triple sword {rare}
 12663 | Lair:5   | Z - a +3 heavy triple sword (weapon) {rare}
 12850 | Lair:5   | a - a +4 double sword (weapon) {rare}
 12880 | Lair:5   | a - a +4 double sword (weapon) {rare}
 12916 | Lair:5   | Upgraded the game from 0.30-a0-595-g91969c0fa5 to
                  | 0.30-a0-603-g51a0fb1b98
 13138 | Orc:1    | Entered Level 1 of the Orcish Mines
 13190 | Orc:1    | Found an iron altar of Okawaru.
 13218 | Orc:1    | Reached skill level 14 in Fighting
 13379 | Orc:2    | Entered Level 2 of the Orcish Mines
 13394 | Orc:1    | Noticed an orc warlord
 13415 | Orc:2    | Killed an orc warlord
 13529 | Orc:1    | Z - a +3 heavy triple sword (weapon) {rare}
 13809 | Orc:2    | Noticed an orc warlord
 13823 | Orc:2    | Received a gift from Trog
 13829 | Orc:2    | Killed an orc warlord
 13830 | Orc:2    | Reached skill level 9 in Ranged Weapons
 13846 | Orc:2    | Reached XP level 15. HP: 61/101 MP: 16/16
 13873 | Orc:2    | a - a +4 double sword (weapon) {rare}
 13940 | Orc:2    | Reached skill level 16 in Long Blades
 14017 | Orc:2    | a - a +4 double sword (weapon) {rare}
 14060 | Orc:2    | Z - a +3 heavy triple sword (weapon) {rare}
 14110 | Orc:2    | Found Amicrih's General Store.
 14117 | Orc:2    | Bought a scroll of identify for 34 gold pieces
 14127 | Orc:2    | Found Bitep's Antique Weapon Emporium.
 14134 | Orc:2    | Bought an ichor-stained sling for 240 gold pieces
 14134 | Orc:2    | Identified the +0 sling "Diloe" {freeze, Str+4 SInv} (You
                  | bought it in a shop on level 2 of the Orcish Mines)
 14145 | Orc:2    | Found Fugihy's Jewellery Emporium.
 14180 | Orc:2    | Found Sixuutiopt's Antique Armour Emporium.
 14186 | Orc:2    | Bought a pair of glowing gloves for 322 gold pieces
 14186 | Orc:2    | Bought a transparent leather armour for 301 gold pieces
 14186 | Orc:2    | Identified the +1 leather armour of Wicked Creativity {rF+
                  | rN+ Slay-3} (You bought it in a shop on level 2 of the
                  | Orcish Mines)
 14186 | Orc:2    | Bought an embroidered cloak for 322 gold pieces
 14391 | Orc:2    | Found a staircase to the Elven Halls.
 14808 | D:10     | Entered Level 10 of the Dungeon
 14812 | D:10     | Received a gift from Trog
 14812 | D:10     | Found the +8 autumn katana {manifold assault}
 14821 | D:10     | You drop a +4 double sword {rare}.
 14823 | D:10     | You drop a +3 heavy triple sword {rare}.
 15107 | D:10     | Reached ****** piety under Trog
 15417 | D:10     | Found a burning altar of Makhleb.
 15417 | D:10     | Found a glowing silver altar of Zin.
 15424 | D:10     | Found a white marble altar of Elyvilon.
 15426 | D:10     | Found a blossoming altar of Fedhas.
 15428 | D:10     | Found a shadowy altar of Dithmenos.
 15559 | D:10     | Reached skill level 1 in Shields
 15632 | D:10     | Reached skill level 3 in Stealth
 15809 | D:11     | Noticed Harold
 15822 | D:11     | Killed Harold
 16193 | D:11     | Found Uvan's Weapon Shop.
 16206 | D:11     | Bought a +0 sling of draining for 75 gold pieces
 16230 | D:11     | Reached skill level 2 in Shields
 16513 | D:11     | Reached skill level 10 in Ranged Weapons
 16574 | D:11     | Noticed Fannar
 16577 | D:11     | Killed Fannar
 16578 | D:11     | Reached skill level 7 in Evocations
 16588 | D:11     | Identified the +10 bardiche of Subterfuge {freeze, Dex+2}
 16589 | D:11     | Identified the +1 hand axe of Linyotso {freeze, Will-
                  | Str+10 Int-3}
 16661 | D:12     | Reached skill level 3 in Shields
 16671 | D:12     | You pick up a book of Spatial Translocations {forbidden}
                  | and begin reading...
 16708 | D:12     | Received a gift from Trog
 16866 | D:12     | Identified the +1 ring mail "Suatryos" {rPois}
 17019 | D:12     | Reached skill level 4 in Shields
 17230 | D:12     | Found a runed translucent gate.
 17231 | D:12     | Found a runed translucent gate.
 17232 | D:12     | Found a runed translucent gate.
 17233 | D:12     | Noticed zero's ghost (journeyman GrEE)
 17540 | D:13     | Noticed Sonja
 17550 | D:13     | Sonja changed into Sonja the black mamba
 17550 | D:13     | Noticed Sonja
 17555 | D:13     | Killed Sonja the black mamba
 17935 | D:13     | Reached skill level 15 in Dodging
 17935 | D:13     | Reached skill level 8 in Evocations
 17946 | D:13     | Identified the +1 kite shield "Waclemu" {rC- Slay+5}
 17947 | D:13     | Reached skill level 5 in Shields
 17982 | D:13     | Found a gate to the Vaults.
 18040 | D:14     | Noticed Azrael
 18050 | D:14     | Noticed Rupert
 18057 | D:14     | Killed Rupert
 18059 | D:14     | Killed Azrael
 18060 | D:14     | Reached skill level 6 in Shields
 18060 | D:14     | Reached XP level 16. HP: 107/107 MP: 17/17
 18145 | D:14     | Received a gift from Trog
 18228 | D:14     | Reached skill level 7 in Shields
 18438 | D:14     | You pick up a book of Rime {forbidden} and begin reading...
 18438 | D:14     | You add the spells Ice Form and Summon Ice Beast to your
                  | library.
 18459 | D:14     | You pick up a book of Burglary {forbidden} and begin
                  | reading...
 18462 | D:14     | You add the spells Summon Forest, Eringya's Noxious Bog and
                  | Summon Hydra to your library.
 18585 | D:14     | Identified Roxanne's Cyclopedia of Detritus
 18585 | D:14     | Noticed Roxanne
 19030 | Swamp:1  | Entered Level 1 of the Swamp
 19082 | Swamp:1  | Reached skill level 8 in Shields
 19334 | Swamp:1  | Reached skill level 9 in Shields
 19518 | Swamp:1  | You are sucked into a shaft and drop 1 floor!
 19543 | Swamp:2  | Reached skill level 10 in Shields
 20033 | Swamp:3  | You pick up a book of Frost {forbidden} and begin
                  | reading...
 20246 | Swamp:3  | Found a runed translucent gate.
 20247 | Swamp:3  | Found a runed translucent gate.
 20247 | Swamp:3  | Noticed Enogimy's ghost (journeyman SpHu)
 20248 | Swamp:3  | Found a runed translucent gate.
 20289 | Swamp:3  | Reached skill level 15 in Fighting
 20320 | Swamp:3  | Reached skill level 11 in Shields
 20323 | Swamp:3  | Received a gift from Trog
 20713 | Swamp:4  | Entered Level 4 of the Swamp
 20871 | Swamp:4  | HP: 25/108 [12-headed hydra (12)]
 21146 | Swamp:4  | Reached XP level 17. HP: 105/113 MP: 18/18
 21228 | Swamp:4  | Reached skill level 12 in Shields
 21401 | Swamp:4  | Reached skill level 16 in Fighting
 21472 | Swamp:4  | Got a decaying rune of Zot
 21932 | Snake:1  | Entered Level 1 of the Snake Pit
 22128 | Snake:1  | Reached skill level 13 in Shields
 22291 | Snake:1  | Received a gift from Trog
 22768 | Snake:2  | Noticed Agnes
 22779 | Snake:2  | Killed Agnes
 22839 | Snake:2  | Reached skill level 17 in Fighting
 22881 | Snake:2  | You pick up a book of Geomancy {forbidden} and begin
                  | reading...
 22881 | Snake:2  | You add the spells Sandblast and Stone Arrow to your
                  | library.
 23059 | Snake:2  | Identified the +2 cloak of Autotheism {Will+ Dex+2 Slay+4
                  | SInv}
 23391 | Snake:3  | Reached skill level 14 in Shields
 23506 | Snake:3  | Received a gift from Trog
 23528 | Snake:3  | Noticed Mara
 23543 | Snake:3  | HP: 43/175 [Mara (illusionary)/bolt of fire (31)]
 23547 | Snake:3  | HP: 7/175 [Mara (illusionary)/+5 vampiric demon trident
                  | (31)]
 23549 | Snake:3  | Killed Mara
 23550 | Snake:3  | Reached skill level 3 in Armour
 23550 | Snake:3  | Reached XP level 18. HP: 11/124 MP: 19/19
 24031 | Snake:4  | Entered Level 4 of the Snake Pit
 24048 | Snake:4  | Reached skill level 4 in Stealth
 24116 | Snake:4  | Found Saugadwu's Antique Armour Shoppe.
 24124 | Snake:4  | Bought a glowing hat for 210 gold pieces
 24150 | Snake:4  | Noticed Asterion
 24163 | Snake:4  | Killed Asterion
 24364 | Snake:4  | Found a runed translucent door.
 24365 | Snake:4  | Noticed Shimatora's ghost (adept NaBe)
 24438 | Snake:4  | Found Uhackuew's General Store.
 24442 | Snake:4  | Found Tieps's Antique Weapon Emporium.
 24461 | Snake:4  | Bought a scroll of identify for 40 gold pieces
 24461 | Snake:4  | Bought a scroll of teleportation for 60 gold pieces
 24622 | Snake:4  | Reached skill level 4 in Armour
 24735 | Snake:4  | Reached skill level 5 in Stealth
 24819 | Snake:4  | Received a gift from Trog
 24967 | Snake:4  | Reached skill level 5 in Armour
 25123 | Snake:4  | HP: 46/186 [nagaraja/+0 whip (24)]
 25128 | Snake:4  | HP: 34/186 [poisoned by a naga ritualist (toxic radiance)]
 25133 | Snake:4  | HP: 31/186 [poisoned by a naga ritualist (toxic radiance)]
 25138 | Snake:4  | HP: 25/124 [poisoned by a naga ritualist (toxic radiance)]
 25172 | Snake:4  | Got a serpentine rune of Zot
 25369 | Snake:4  | Killed Shimatora's ghost
 25374 | Snake:4  | You pick up a book of Sloth {forbidden} and begin
                  | reading...
 25374 | Snake:4  | You add the spells Petrify, Metabolic Englaciation and
                  | Statue Form to your library.
 25615 | Swamp:3  | Killed Enogimy's ghost
 25619 | Swamp:3  | Reached skill level 9 in Evocations
 25875 | D:12     | Killed zero's ghost
 25876 | D:12     | Reached skill level 16 in Dodging
 25994 | Vaults:1 | Entered Level 1 of the Vaults
 26079 | Vaults:1 | Received a gift from Trog
 26119 | Vaults:1 | Reached skill level 15 in Shields
 26121 | Vaults:1 | Reached skill level 18 in Fighting
 26210 | Vaults:1 | Found a crumbling gateway.
 26244 | Vaults:1 | Identified the +10 sling "Rovvidir" {elec, Contam Drain
                  | rElec rCorr}
 26271 | Desolati | Entered the Desolation of Salt
 26296 | Desolati | Reached XP level 19. HP: 130/130 MP: 20/20
 26431 | Desolati | Received a gift from Trog
 26659 | Desolati | Identified the ring "Cyim" {rN+ MP+9 Str+4 Dex+6}
 26705 | Desolati | You add the spells Manifold Assault and Storm Form to your
                  | library.
 26747 | Desolati | You add the spells Animate Armour and Irradiate to your
                  | library.
 26747 | Desolati | Got Sif Muna's Parchment of the Anticline and Shapes
                  | {forbidden}
 26781 | Desolati | You add the spells Magic Dart, Dazzling Flash, Sticky Flame
                  | and Cause Fear to your library.
 26781 | Desolati | Got the Spellbook of Ill-starred Impulse {forbidden}
 26940 | Desolati | Reached skill level 17 in Dodging
 26954 | Desolati | Received a gift from Trog
 27070 | Desolati | Reached skill level 16 in Shields
 27084 | Desolati | Identified the +4 sling "Kozeschu" {antimagic, Drain rC++
                  | Str+4}
 27226 | Desolati | You add the spells Vhi's Electric Charge and Airstrike to
                  | your library.
 27226 | Desolati | Got Dasocruo's Reference Book on Kindled Austromancy
                  | {forbidden}
 27248 | Desolati | Got Sehuox's Omnibus of Blasting {forbidden}
 27332 | Desolati | Identified the ring "Ozoogil" {Wiz rPois rC- Int+3}
 27340 | Desolati | H - quicksilver dragon scales {rare}
 27343 | Desolati | Identified the ring of Starshine {rF+ rN+ Will+}
 27364 | Desolati | Got Bumy's Precepts of the Charming Gargoyle {forbidden}
 27530 | Vaults:1 | You pick up a book of Cantrips {forbidden} and begin
                  | reading...
 27530 | Vaults:1 | You add the spells Summon Small Mammal and Apportation to
                  | your library.
 27718 | Vaults:1 | Reached skill level 19 in Fighting
 28057 | Vaults:1 | Received a gift from Trog
 28203 | Vaults:1 | Reached XP level 20. HP: 139/139 MP: 21/21
 28510 | Elf:1    | Entered Level 1 of the Elven Halls
 28787 | Elf:1    | Identified the +3 scimitar of Honesty {flame, Fly} (Trog
                  | gifted it to you on level 1 of the Elven Halls)
 28787 | Elf:1    | Received a gift from Trog
 28927 | Elf:1    | Reached skill level 17 in Shields
 29338 | Elf:1    | Found a runed translucent gate.
 29338 | Elf:1    | Found a runed translucent gate.
 29338 | Elf:1    | Found a runed translucent gate.
 29339 | Elf:1    | Noticed Stil's ghost (adept DsVM)
 29442 | Elf:1    | Killed Stil's ghost
 29490 | Elf:1    | Identified the +1 hat of Woamn {MP+9}
 29793 | Elf:2    | Reached skill level 20 in Fighting
 29846 | Elf:2    | Found a runed translucent gate.
 29847 | Elf:2    | Found a runed translucent gate.
 29847 | Elf:2    | Found a runed translucent gate.
 30070 | Elf:2    | Received a gift from Trog
 30077 | Elf:2    | Noticed a curse skull
 30094 | Elf:2    | Killed a curse skull
 30387 | Elf:2    | Upgraded the game from 0.30-a0-603-g51a0fb1b98 to
                  | 0.30-a0-612-g150a0467c1
 30442 | Elf:2    | Reached skill level 18 in Shields
 30735 | Elf:3    | Entered Level 3 of the Elven Halls
 31071 | Elf:3    | Found Toczyph's One-of-a-Kind Books.
 31202 | Elf:3    | Paralysed by an air elemental for 1 turns
 31363 | Elf:3    | Found Pyekk's Jewellery Shoppe.
 31371 | Elf:3    | Search for what [? for help]? rare
 31459 | Elf:3    | Identified the +7 falchion of the Vendetta {flame, rF+
                  | Str-2 SInv} (Trog gifted it to you on level 3 of the Elven
                  | Halls)
 31459 | Elf:3    | Received a gift from Trog
 31893 | Elf:3    | Reached XP level 21. HP: 148/148 MP: 22/22
 31902 | Elf:3    | Identified the +11 whip of the Howling Saviour {elec, rC-
                  | Str+4 Dex+5}
 32069 | Elf:3    | Reached skill level 21 in Fighting
 32232 | Elf:3    | Identified the +4 battleaxe of the Tundras {spect, rF+
                  | Int+6}
 32232 | Elf:3    | Found the ring of the Octopus King {rC+ HP+2 AC+2 EV+2
                  | SH+2}
 32232 | Elf:3    | a deep elf demonologist comes into view. It is wielding the
                  | +4 battleaxe of the Tundras {spect, rF+ Int+6}, wearing the
                  | +5 robe of Night {Dark Will+ SInv} and wearing a ring of
                  | the Octopus King {rC+ HP+2 AC+2 EV+2 SH+2}.
 32233 | Elf:3    | Aim: a deep elf demonologist, wielding the +4 battleaxe of
                  | the Tundras {spect, rF+ Int+6}, wearing the +5 robe of
                  | Night {Dark Will+ SInv} and wearing a ring of the Octopus
                  | King {rC+ HP+2 AC+2 EV+2 SH+2} (wandering, hasn't noticed
                  | you, 73% to hit)
 32233 | Elf:3    | Aim: a deep elf demonologist, wielding the +4 battleaxe of
                  | the Tundras {spect, rF+ Int+6}, wearing the +5 robe of
                  | Night {Dark Will+ SInv} and wearing a ring of the Octopus
                  | King {rC+ HP+2 AC+2 EV+2 SH+2} (wandering, hasn't noticed
                  | you, 73% to hit)
 32242 | Elf:3    | You drop quicksilver dragon scales {rare}.
 32331 | Elf:3    | You pick up a book of Dangerous Friends {forbidden} and
                  | begin reading...
 32331 | Elf:3    | You add the spells Summon Guardian Golem, Orb of
                  | Destruction and Spellforged Servitor to your library.
 32424 | Elf:3    | Identified the +1 scale mail "Ruyvu" {Rampage}
 32425 | Elf:3    | Identified the +9 whip "Osofoleff" {speed, Fragile Int+3
                  | Dex+2}
 32427 | Elf:3    | You add the spells Kindle Blastsparks, Ignite Poison and
                  | Freezing Cloud to your library.
 32469 | Elf:3    | You pick up a book of Scorching {forbidden} and begin
                  | reading...
 32469 | Elf:3    | You add the spells Scorch and Summon Cactus Giant to your
                  | library.
 32473 | Elf:3    | Identified the ring of Zatostrep {Wiz rF++}
 32784 | Orc:2    | Bought a potion of heal wounds for 85 gold pieces
 32784 | Orc:2    | Bought an amulet of guardian spirit for 510 gold pieces
 32784 | Orc:2    | Bought a wand of roots (2) for 81 gold pieces
 33512 | Vaults:2 | Identified the +0 leather armour of Okawaru's Pride {rPois
                  | Str+4 Dex-5}
 33512 | Vaults:2 | Noticed Aizul
 33526 | Vaults:2 | Killed Aizul
 33763 | Vaults:2 | Noticed Xtahua
 33781 | Vaults:2 | Killed Xtahua
 33926 | Vaults:2 | Received a gift from Trog
 34060 | Vaults:2 | Reached skill level 19 in Shields
 34202 | Vaults:2 | Identified the +7 shortbow "Arcanum" {flame, rPois}
 34227 | Vaults:2 | Identified the ring "Qionaz" {rPois AC+4}
 34271 | Vaults:2 | Reached skill level 6 in Armour
 34424 | Vaults:2 | Noticed Frederick
 34432 | Vaults:2 | Noticed Nikola
 34436 | Vaults:2 | Killed Frederick
 34442 | Vaults:2 | Killed Nikola
 34443 | Vaults:2 | Reached skill level 18 in Dodging
 34522 | Vaults:2 | a +5 eveningstar {rare}; a +0 chain mail
 34705 | Vaults:2 | Received a gift from Trog
 34830 | Vaults:2 | Reached skill level 10 in Evocations
 34833 | Vaults:2 | Reached skill level 7 in Armour
 34959 | Vaults:2 | Found a staircase to the Crypt.
 35107 | Vaults:2 | Noticed Donald
 35119 | Vaults:2 | Killed Donald
 35657 | D:15     | Entered Level 15 of the Dungeon
 35693 | D:15     | Received a gift from Trog
 35801 | D:15     | Found a staircase to the Depths.
 35808 | D:15     | Reached XP level 22. HP: 155/155 MP: 23/23
 36131 | D:15     | Found Ocij's Distillery.
 36135 | D:15     | Bought a potion of heal wounds for 95 gold pieces
 36135 | D:15     | Bought a potion of heal wounds for 95 gold pieces
 36135 | D:15     | Bought 2 potions of haste for 380 gold pieces
 36281 | D:15     | You add the spells Olgreb's Toxic Radiance, Ozocubu's
                  | Refrigeration and Ignition to your library.
 36414 | Depths:1 | Entered Level 1 of the Depths
 36487 | Depths:1 | the Enchantress comes into view. She is wielding a +2
                  | rapier of speed, wearing the +6 faerie dragon scales
                  | {Rampage rCorr Clar} and wearing a +2 buckler of
                  | reflection.
 36487 | Depths:1 | Noticed the Enchantress
 36488 | Depths:1 | Here: the Enchantress, wielding a +2 rapier of speed,
                  | wearing the +6 faerie dragon scales {Rampage rCorr Clar}
                  | and wearing a +2 buckler of reflection (wandering,
                  | repelling missiles, reflecting blocked projectiles, hasn't
                  | noticed you)
 36488 | Depths:1 | Here: the Enchantress, wielding a +2 rapier of speed,
                  | wearing the +6 faerie dragon scales {Rampage rCorr Clar}
                  | and wearing a +2 buckler of reflection (wandering,
                  | repelling missiles, reflecting blocked projectiles, hasn't
                  | noticed you)
 36489 | Depths:1 | Here: the Enchantress, wielding a +2 rapier of speed,
                  | wearing the +6 faerie dragon scales {Rampage rCorr Clar}
                  | and wearing a +2 buckler of reflection (wandering,
                  | repelling missiles, reflecting blocked projectiles, hasn't
                  | noticed you)
 36489 | Depths:1 | Here: the Enchantress, wielding a +2 rapier of speed,
                  | wearing the +6 faerie dragon scales {Rampage rCorr Clar}
                  | and wearing a +2 buckler of reflection (wandering,
                  | repelling missiles, reflecting blocked projectiles, hasn't
                  | noticed you)
 36500 | Depths:1 | Killed the Enchantress
 36511 | Depths:1 | Reached skill level 8 in Armour
 36940 | Depths:1 | Received a gift from Trog
 37046 | Depths:1 | Found a gateway to Hell.
 37099 | Depths:1 | Reached skill level 11 in Evocations
 37368 | Depths:1 | Found a corrupted altar of Lugonu.
 37368 | Depths:1 | Found a one-way gate to the infinite horrors of the Abyss.
 37517 | Depths:1 | Found an ornate altar of the Wu Jian Council.
 37903 | Depths:1 | Voluntarily entered the Abyss.
 37949 | Abyss:1  | Found a candlelit altar of Ignis.
 38048 | Abyss:2  | Reached skill level 9 in Armour
 38067 | Abyss:2  | Identified the +12 spear "Jolesidism" {flame, Contam rPois
                  | rCorr Stlth+} (Trog gifted it to you on level 2 of the
                  | Abyss)
 38067 | Abyss:2  | Received a gift from Trog
 38133 | Abyss:2  | Reached skill level 22 in Fighting
 38213 | Depths:1 | You pass through the gate.
 38213 | Depths:1 | Escaped the Abyss
 38215 | Depths:1 | Fell from the grace of Trog
 38218 | Depths:1 | Became a worshipper of Lugonu the Unformed
 38404 | D:14     | Killed Roxanne
 38498 | D:10     | r - a +4 double sword {rare}
 38502 | D:10     | Learned a level 1 spell: Apportation
 38704 | Depths:1 | Voluntarily entered the Abyss.
 38792 | Abyss:2  | Found a corrupted altar of Lugonu.
 38836 | Abyss:3  | Found a corrupted altar of Lugonu.
 38859 | Abyss:3  | Found a corrupted altar of Lugonu.
 38862 | Abyss:3  | Found a corrupted altar of Lugonu.
 38920 | Abyss:3  | Reached skill level 19 in Dodging
 38941 | Abyss:3  | Reached skill level 1 in Spellcasting
 38944 | Abyss:3  | Reached skill level 1 in Translocations
 39044 | Abyss:3  | Got an abyssal rune of Zot
 39058 | Depths:1 | You pass through the gate.
 39058 | Depths:1 | Escaped the Abyss
 39379 | Vaults:3 | Learned a level 2 spell: Blink
 39500 | Vaults:3 | Reached skill level 2 in Spellcasting
 39521 | Vaults:3 | Reached skill level 20 in Shields
 39630 | Vaults:3 | Reached skill level 2 in Translocations
 39637 | Vaults:3 | Reached XP level 23. HP: 162/162 MP: 27/27
 39658 | Vaults:3 | Reached * piety under Lugonu
 39723 | Vaults:3 | Identified the +2 buckler of Baldness {Int+4}
 39924 | Vaults:3 | Reached skill level 3 in Spellcasting
 39928 | Vaults:3 | Reached skill level 10 in Armour
 40065 | Vaults:3 | Reached skill level 12 in Evocations
 40088 | Vaults:3 | Reached ** piety under Lugonu
 40096 | Vaults:3 | Reached skill level 3 in Translocations
 40329 | Vaults:3 | You add the spells Passage of Golubria and Yara's Violent
                  | Unravelling to your library.
 40628 | Vaults:3 | Reached skill level 1 in Invocations
 41119 | Vaults:4 | Noticed Margery
 41128 | Vaults:4 | Banished Margery
 41129 | Vaults:4 | Reached skill level 4 in Spellcasting
 41129 | Vaults:4 | Reached skill level 2 in Invocations
 41215 | Vaults:4 | Found a portal to a secret trove of treasure.
 41222 | Vaults:4 | This trove needs +3 ice dragon scales to function. Give it
                  | the item?
 41664 | Vaults:4 | You drop a +4 double sword {rare}.
 41672 | Vaults:4 | This trove needs +3 ice dragon scales to function. Give it
                  | the item?
 41672 | Vaults:4 | You paid a toll of +3 ice dragon scales to enter a treasure
                  | trove
 41673 | Trove    | Entered a treasure trove
 41690 | Trove    | Identified the amulet of Mudiang {RegenMP rPois rN+}
 41694 | Trove    | Identified the amulet of Nuih {rElec Regen+ Int+3}
 41696 | Trove    | Identified the amulet of the Priest {Spirit -Cast Str+5
                  | Dex+3}
 41717 | Trove    | You pick up a book of Debilitation and begin reading...
 41717 | Trove    | You add the spells Slow and Confusing Touch to your
                  | library.
 41721 | Trove    | You pick up a book of Spectacle and begin reading...
 41721 | Trove    | You add the spells Iskenderun's Mystic Blast and Starburst
                  | to your library.
 41727 | Trove    | Identified a potion of experience
 41808 | Vaults:4 | Identified a scroll of acquirement
 41821 | Vaults:4 | Acquired the +1 pair of gloves of the Swan {*Slow Int+8
                  | Dex+3}
 41841 | Vaults:4 | a +5 demon blade of flaming; a +4 double sword {rare}
 41841 | Vaults:4 | r - a +4 double sword {rare}
 41848 | Vaults:4 | Learned a level 3 spell: Vhi's Electric Charge
 41853 | Vaults:4 | Learned a level 4 spell: Passage of Golubria
 41858 | Vaults:4 | Learned a level 4 spell: Airstrike
 41863 | Vaults:4 | Learned a level 4 spell: Manifold Assault
 42039 | Vaults:4 | Identified the +1 chain mail of the Moon {Dex+2}
 42045 | Vaults:4 | Reached skill level 1 in Air Magic
 42049 | Vaults:4 | Reached *** piety under Lugonu
 42051 | Vaults:4 | You add the spells Static Discharge, Cigotuvi's Dreadful
                  | Rot, Sublimation of Blood and Death Channel to your
                  | library.
 42051 | Vaults:4 | Got Nisuesuy's Discourse on Inhalation and Iniquitous Deeds
 42286 | Vaults:4 | Reached skill level 2 in Air Magic
 42425 | Vaults:4 | Reached skill level 11 in Armour
 42591 | Vaults:4 | Reached skill level 3 in Invocations
 42692 | Vaults:4 | Reached skill level 3 in Air Magic
 42705 | Vaults:4 | Reached **** piety under Lugonu
 42897 | Vaults:4 | Reached skill level 4 in Air Magic
 43300 | Slime:1  | Entered Level 1 of the Pits of Slime
 43471 | Slime:3  | Reached ***** piety under Lugonu
 43537 | Slime:3  | Reached skill level 4 in Invocations
 43614 | Slime:3  | Reached skill level 12 in Armour
 43648 | Slime:4  | Reached skill level 17 in Long Blades
 43648 | Slime:4  | Reached skill level 5 in Air Magic
 44601 | Slime:1  | Reached XP level 24. HP: 168/168 MP: 30/30
 44663 | Slime:5  | Entered Level 5 of the Pits of Slime
 44925 | Slime:5  | Gained mutation: Your body sometimes deteriorates upon
                  | taking damage. [a shining eye]
 45117 | Slime:5  | Reached skill level 6 in Air Magic
 45238 | Slime:5  | Noticed the Royal Jelly
 45277 | Slime:5  | Killed the Royal Jelly
 45278 | Slime:5  | Reached skill level 5 in Invocations
 45312 | Slime:5  | Reached skill level 13 in Armour
 45316 | Slime:5  | Identified the +4 battleaxe "Efferr" {heavy, Stlth+}
 45345 | Slime:5  | Identified the +6 long sword of Duty {antimagic, Fly rElec
                  | rN+ Int+4}
 45365 | Slime:5  | Got the Essays on the Shift
 45384 | Slime:5  | You pick up a book of Ice and begin reading...
 45384 | Slime:5  | You add the spells Simulacrum and Polar Vortex to your
                  | library.
 45389 | Slime:5  | Got the Quarto of Interference
 45390 | Slime:5  | Identified the +1 rapier "Iseack" {freeze, Will+}
 45393 | Slime:5  | Got a slimy rune of Zot
 46161 | Depths:2 | Reached skill level 7 in Air Magic
 46291 | Depths:2 | Reached skill level 21 in Shields
 46313 | Depths:2 | Reached skill level 7 in Invocations
 46313 | Depths:2 | Reached XP level 25. HP: 173/173 MP: 30/30
 46314 | Depths:2 | Reached skill level 8 in Invocations
 46314 | Depths:2 | Reached XP level 26. HP: 179/179 MP: 30/30
 46396 | Depths:2 | Reached skill level 18 in Long Blades
 46441 | Depths:2 | Found a one-way gate leading to the halls of Pandemonium.
 46609 | Depths:2 | Reached ****** piety under Lugonu
 46610 | Depths:2 | Do you wish to have your +4 double sword {rare} corrupted
                  | with distortion?
 46610 | Depths:2 | Identified a +6 double sword of distortion {rare} (a +4
                  | double sword {rare} corrupted by Lugonu)
 46610 | Depths:2 | Your double sword {rare} shines brightly!
 46610 | Depths:2 | Received a gift from Lugonu
 46613 | Depths:2 | r - a +6 double sword of distortion {rare}
 46613 | Depths:2 | w - a +6 double sword of distortion {rare}
 46613 | Depths:2 | your +6 double sword of distortion {rare} glows red for a
                  | moment.
 46614 | Depths:2 | your +7 double sword of distortion {rare} glows red for a
                  | moment.
 46615 | Depths:2 | your +8 double sword of distortion {rare} glows red for a
                  | moment.
 46841 | Depths:2 | Reached skill level 8 in Air Magic
 46868 | Depths:2 | Reached skill level 14 in Armour
 46868 | Depths:2 | w - a +9 double sword of distortion (weapon) {rare}
 46894 | Depths:2 | Reached skill level 9 in Invocations
 47508 | Depths:2 | Got the Anthology of Lithic Rime
 47651 | Depths:3 | Paralysed by Trog for 7 turns
 47711 | Depths:3 | Identified the +1 robe of Wevemm {Contam rPois Will+}
 47758 | Depths:3 | Reached skill level 4 in Translocations
 48061 | Depths:3 | w - a +9 double sword of distortion (weapon) {rare}
 48381 | Depths:3 | You pick up a book of Flames and begin reading...
 48382 | Depths:3 | Found a broken altar of Ashenzari.
 48407 | Depths:3 | Reached skill level 19 in Long Blades
 48621 | Depths:3 | Found a one-way gateway to a ziggurat.
 48753 | Depths:4 | Entered Level 4 of the Depths
 48776 | Depths:4 | Reached skill level 15 in Armour
 48836 | Depths:4 | You pick up a book of Dreams and begin reading...
 49047 | Depths:4 | Reached XP level 27. HP: 184/184 MP: 31/31
 49082 | Depths:4 | Reached skill level 5 in Translocations
 49127 | Depths:4 | Reached skill level 22 in Shields
 49144 | Depths:4 | Was forgiven by Trog
 49266 | Depths:4 | Found the +8 Wrath of Trog {antimagic, *Rage Rampage}
 49414 | Depths:4 | Reached skill level 10 in Invocations
 49493 | Depths:4 | Found a gate to the Realm of Zot.
 50055 | Vaults:5 | Entered Level 5 of the Vaults
 50059 | Vaults:5 | Corrupted Vaults:5
 50217 | Vaults:5 | Reached skill level 5 in Spellcasting
 50240 | Vaults:5 | Reached skill level 16 in Armour
 50286 | Vaults:5 | Got the Secrets of Burning
 50290 | Vaults:5 | Got a silver rune of Zot
 50324 | Vaults:5 | Identified the +4 halberd "Plog" {spect, Will+ Str+3 Int+6
                  | Dex-3}
 50375 | Vaults:5 | Identified +0 gold dragon scales
 50384 | Vaults:5 | Reached skill level 20 in Long Blades
 50386 | Vaults:5 | +0 gold dragon scales {rare}; a golden dragon corpse
 50386 | Vaults:5 | r - +0 gold dragon scales {rare}
 50388 | Vaults:5 | You drop +0 gold dragon scales {rare}.
 50416 | Vaults:5 | Reached skill level 20 in Dodging
 50424 | Vaults:5 | You pick up a book of the Tundra and begin reading...
 50540 | Vaults:5 | Reached skill level 6 in Translocations
 50616 | Vaults:5 | Identified the +2 chain mail of Midnight {Contam rElec
                  | SInv}
 50620 | Vaults:5 | You pick up a book of Displacement and begin reading...
 50620 | Vaults:5 | You add the spells Gell's Gravitas and Teleport Other to
                  | your library.
 50635 | Vaults:5 | Learned a level 4 spell: Iskenderun's Mystic Blast
 50766 | Vaults:5 | Reached skill level 1 in Conjurations
 50767 | Vaults:5 | Identified the ring of Niwk {*Slow rPois Str+7 Stlth+}
 50773 | Vaults:5 | The yaktaur is wielding the +8 storm bow {elec, penet}.
 50790 | Vaults:5 | Reached skill level 2 in Conjurations
 50795 | Vaults:5 | Identified the ring of Deiriag Oked {rN+ Str+6}
 50799 | Vaults:5 | Identified the ring of Ipnoadut {rElec rC+ rN+ Str+5}
 50801 | Vaults:5 | Reached skill level 6 in Spellcasting
 50935 | Vaults:5 | You pick up a book of Fire and begin reading...
 50935 | Vaults:5 | You add the spells Foxfire and Fireball to your library.
 51032 | Vaults:5 | Found the +6 lightning scales {swift, rElec}
 51079 | Vaults:5 | You pick up a book of Changes and begin reading...
 51079 | Vaults:5 | You add the spells Beastly Appendage and Wereblood to your
                  | library.
 51107 | Vaults:5 | Learned a level 2 spell: Passwall
 51110 | Vaults:5 | Learned a level 2 spell: Wereblood
 51339 | Vaults:5 | Found the +2 hood of the Assassin {Detection Stab+ Stlth++}
 51363 | Vaults:5 | Got the Book of Crystalline Changes
 51374 | Vaults:5 | Identified the +0 buckler of Xinguv {Harm Rampage rC+
                  | Dex+2}
 51910 | Zot:1    | Entered Level 1 of the Realm of Zot
 51924 | Zot:1    | Reached skill level 17 in Armour
 51933 | Zot:1    | Reached skill level 3 in Conjurations
 51939 | Zot:1    | Reached skill level 1 in Transmutations
 52038 | Depths:4 | HP: 43/186 [white draconian/+0 trident (6)]
 52043 | Depths:4 | Reached skill level 11 in Invocations
 52043 | Depths:4 | HP: 41/186 [black draconian knight/bolt of lightning (4)]
 52048 | Depths:4 | HP: 10/186 [black draconian/bolt of lightning[a purple
                  | draconian shifter] (36)]
 52053 | Depths:4 | Reached skill level 4 in Conjurations
 52391 | Zot:1    | Noticed an electric golem
 52472 | Zot:1    | Reached skill level 23 in Shields
 52749 | Zot:1    | Killed an electric golem
 52750 | Zot:1    | Reached skill level 5 in Conjurations
 52900 | Zot:1    | Identified +0 gold dragon scales
 53027 | Zot:1    | Reached skill level 7 in Translocations
 53037 | Zot:1    | Identified +0 gold dragon scales
 53041 | Zot:1    | +0 gold dragon scales {rare}; a golden dragon corpse
 53194 | Zot:1    | Identified the +10 chain mail of Resonance {+Inv rElec rN+
                  | MP+9 Dex-2}
 53209 | Zot:1    | +0 gold dragon scales {rare}; a golden dragon corpse
 53428 | Zot:2    | Reached skill level 7 in Spellcasting
 53441 | Zot:2    | Reached skill level 21 in Long Blades
 53621 | Zot:2    | Noticed an electric golem
 53632 | Zot:2    | Killed an electric golem
 53649 | Zot:2    | You pick up a book of Conjurations and begin reading...
 53649 | Zot:2    | You add the spells Searing Ray and Fulminant Prism to your
                  | library.
 53910 | Zot:2    | Noticed a curse toe
 53951 | Zot:2    | Killed a curse toe
 54127 | Zot:2    | Noticed an electric golem
 54128 | Zot:2    | Noticed an electric golem
 54173 | Zot:2    | Killed an electric golem
 54174 | Zot:2    | Reached skill level 18 in Armour
 54194 | Zot:2    | Killed an electric golem
 54871 | Zot:2    | You add the spells Sting and Poisonous Vapours to your
                  | library.
 54979 | Zot:3    | Noticed an electric golem
 54981 | Zot:3    | Killed an electric golem
 55186 | Zot:3    | Noticed an orb of fire
 55187 | Zot:3    | Gained mutation: You are clumsy. (Dex -2) [an orb of fire]
 55196 | Zot:3    | Gained mutation: Your body often deteriorates upon taking
                  | damage. [an orb of fire]
 55204 | Zot:3    | Gained mutation: Your magical capacity is low. (-10% MP)
                  | [an orb of fire]
 55216 | Zot:3    | Killed an orb of fire
 55562 | Zot:3    | Noticed an orb of fire
 55564 | Zot:3    | Killed an orb of fire
 55653 | Zot:3    | +0 shadow dragon scales {rare}; a shadow dragon corpse
 55670 | Zot:3    | +0 shadow dragon scales {rare}; a shadow dragon corpse
 55681 | Zot:3    | Reached skill level 8 in Spellcasting
 55691 | Zot:3    | Reached skill level 8 in Translocations
 55923 | Zot:3    | Reached skill level 12 in Invocations
 56042 | Zot:3    | quicksilver dragon scales {rare}; a quicksilver dragon
                  | corpse
 56184 | Zot:3    | Found the +4 dragonskin cloak
 56184 | Zot:3    | Noticed Tiamat
 56184 | Zot:3    | Tiamat is wielding a +2 glaive of venom and wearing the +4
                  | dragonskin cloak. The white draconian stormcaller is
                  | wielding a +0 short sword and wearing a +1 cloak of
                  | preservation.
 56222 | Zot:3    | Reached skill level 21 in Dodging
 56243 | Zot:3    | Here: Tiamat, wielding a +2 glaive of venom and wearing the
                  | +4 dragonskin cloak (lightly wounded)
 56243 | Zot:3    | Here: Tiamat, wielding a +2 glaive of venom and wearing the
                  | +4 dragonskin cloak (lightly wounded)
 56261 | Zot:3    | HP: 41/186 [black draconian/bolt of lightning[Tiamat] (17)]
 56292 | Zot:3    | Aim: Tiamat, wielding a +2 glaive of venom and wearing the
                  | +4 dragonskin cloak (moderately wounded, catching her
                  | breath, 79% to hit)
 56292 | Zot:3    | Aim: Tiamat, wielding a +2 glaive of venom and wearing the
                  | +4 dragonskin cloak (moderately wounded, catching her
                  | breath, 79% to hit)
 56293 | Zot:3    | Here: Tiamat, wielding a +2 glaive of venom and wearing the
                  | +4 dragonskin cloak (moderately wounded, catching her
                  | breath, lightly drained)
 56293 | Zot:3    | Here: Tiamat, wielding a +2 glaive of venom and wearing the
                  | +4 dragonskin cloak (moderately wounded, catching her
                  | breath, lightly drained)
 56294 | Zot:3    | Aim: Tiamat, wielding a +2 glaive of venom and wearing the
                  | +4 dragonskin cloak (moderately wounded, lightly drained,
                  | 79% to hit)
 56294 | Zot:3    | Aim: Tiamat, wielding a +2 glaive of venom and wearing the
                  | +4 dragonskin cloak (moderately wounded, lightly drained,
                  | 79% to hit)
 56295 | Zot:3    | Aim: Tiamat, wielding a +2 glaive of venom and wearing the
                  | +4 dragonskin cloak (moderately wounded, lightly drained,
                  | 79% to hit)
 56295 | Zot:3    | Aim: Tiamat, wielding a +2 glaive of venom and wearing the
                  | +4 dragonskin cloak (moderately wounded, lightly drained,
                  | 79% to hit)
 56296 | Zot:3    | Aim: Tiamat, wielding a +2 glaive of venom and wearing the
                  | +4 dragonskin cloak (moderately wounded, lightly drained,
                  | 79% to hit)
 56296 | Zot:3    | Aim: Tiamat, wielding a +2 glaive of venom and wearing the
                  | +4 dragonskin cloak (moderately wounded, lightly drained,
                  | 79% to hit)
 56297 | Zot:3    | Aim: Tiamat, wielding a +2 glaive of venom and wearing the
                  | +4 dragonskin cloak (moderately wounded, lightly drained,
                  | 79% to hit)
 56297 | Zot:3    | Aim: Tiamat, wielding a +2 glaive of venom and wearing the
                  | +4 dragonskin cloak (moderately wounded, lightly drained,
                  | 79% to hit)
 56298 | Zot:3    | Aim: Tiamat, wielding a +2 glaive of venom and wearing the
                  | +4 dragonskin cloak (moderately wounded, lightly drained,
                  | 79% to hit)
 56298 | Zot:3    | Aim: Tiamat, wielding a +2 glaive of venom and wearing the
                  | +4 dragonskin cloak (moderately wounded, lightly drained,
                  | 79% to hit)
 56299 | Zot:3    | HP: 45/186 [white draconian stormcaller/divine
                  | providence[Tiamat] (8)]
 56661 | Zot:3    | w - a +9 double sword of distortion (weapon) {rare}
 56671 | Zot:3    | Banished Tiamat
 56672 | Zot:3    | Reached skill level 24 in Shields
 57287 | Zot:4    | You pick up a book of Air and begin reading...
 57427 | Zot:4    | You pick up a book of Armaments and begin reading...
 57462 | Zot:4    | Noticed a curse toe
 57483 | Zot:4    | Killed a curse toe
 57533 | Zot:4    | Identified +0 pearl dragon scales
 57551 | Zot:4    | Reached skill level 13 in Invocations
 57595 | Zot:4    | Identified +0 gold dragon scales
 57601 | Zot:4    | +0 gold dragon scales {rare}; a golden dragon corpse
 57847 | Zot:4    | Identified the +0 quarterstaff of the Boiling Point
                  | {protect, Fragile Str+3}
 57848 | Zot:4    | Identified the +0 chain mail of the Carpenter {Int+3}
 57878 | Zot:4    | Lost mutation: Your magical capacity is low. (-10% MP)
                  | [potion of mutation]
 57878 | Zot:4    | Lost mutation: You are clumsy. (Dex -2) [potion of
                  | mutation]
 57878 | Zot:4    | Lost mutation: Your body often deteriorates upon taking
                  | damage. [potion of mutation]
 57878 | Zot:4    | Gained mutation: Potions are less effective at restoring
                  | your health. [potion of mutation]
 57878 | Zot:4    | Gained mutation: You expend magic power (3 MP) to
                  | strengthen your wands. [potion of mutation]
 57879 | Zot:4    | Lost mutation: You expend magic power (3 MP) to strengthen
                  | your wands. [potion of mutation]
 57879 | Zot:4    | Lost mutation: Your body sometimes deteriorates upon taking
                  | damage. [potion of mutation]
 57879 | Zot:4    | Gained mutation: You are occasionally teleported next to
                  | monsters. [potion of mutation]
 57880 | Zot:4    | Lost mutation: Potions are less effective at restoring your
                  | health. [potion of mutation]
 57880 | Zot:4    | Lost mutation: You are occasionally teleported next to
                  | monsters. [potion of mutation]
 57880 | Zot:4    | Gained mutation: You have supernaturally acute eyesight.
                  | (SInv) [potion of mutation]
 57880 | Zot:4    | Gained mutation: Your spells are a little harder to cast,
                  | but a little more powerful. [potion of mutation]
 57880 | Zot:4    | Gained mutation: You are partially covered in iridescent
                  | scales. (AC +2) [potion of mutation]
 57913 | Zot:5    | Entered Level 5 of the Realm of Zot
 57913 | Zot:5    | Noticed an orb of fire
 57913 | Zot:5    | Noticed an orb of fire
 57913 | Zot:5    | Noticed a dread lich
 57913 | Zot:5    | Noticed an orb of fire
 57913 | Zot:5    | Noticed a dread lich
 57913 | Zot:5    | Noticed an electric golem
 57915 | Zot:5    | Gained mutation: Potions are less effective at restoring
                  | your health. [an orb of fire]
 57916 | Zot:5    | Killed an orb of fire
 57920 | Zot:5    | Noticed an orb of fire
 57920 | Zot:5    | Identified +0 gold dragon scales
 57936 | Zot:5    | Corrupted Zot:5
 57944 | Zot:5    | Noticed an orb of fire
 57944 | Zot:5    | Noticed an electric golem
 57944 | Zot:5    | Noticed an orb of fire
 57944 | Zot:5    | Noticed an orb of fire
 57944 | Zot:5    | Noticed an ancient lich
 57967 | Zot:5    | Killed an orb of fire
 57980 | Zot:5    | Noticed a curse toe
 57988 | Zot:5    | Killed a curse toe
 57997 | Zot:5    | Reached skill level 22 in Dodging
 58005 | Zot:5    | Reached skill level 9 in Spellcasting
 58018 | Zot:5    | Killed a dread lich
 58041 | Zot:5    | HP: 33/188 [orb of fire/bolt of fire (26)]
 58060 | Zot:5    | Gained mutation: Armour fits poorly on your strangely
                  | shaped body. [an orb of fire]
 58355 | Zot:5    | Gained mutation: You occasionally lose the ability to drink
                  | potions when taking damage. [an orb of fire]
 58357 | Zot:5    | Gained mutation: You are vulnerable to heat. (rF-) [an orb
                  | of fire]
 58371 | Zot:4    | Killed an orb of fire
 58380 | Zot:4    | Gained mutation: You occasionally shout uncontrollably at
                  | your foes. [an orb of fire]
 58381 | Zot:4    | Killed an orb of fire
 58382 | Zot:4    | Lost mutation: You are partially covered in iridescent
                  | scales. (AC +2) [potion of mutation]
 58382 | Zot:4    | Lost mutation: You occasionally lose the ability to drink
                  | potions when taking damage. [potion of mutation]
 58382 | Zot:4    | Gained mutation: Your spells are harder to cast, but more
                  | powerful. [potion of mutation]
 58382 | Zot:4    | Gained mutation: You are dopey. (Int -2) [potion of
                  | mutation]
 58382 | Zot:4    | Gained mutation: You are agile. (Dex +4, Str/Int -1)
                  | [potion of mutation]
 58383 | Zot:4    | Lost mutation: Your spells are harder to cast, but more
                  | powerful. [potion of mutation]
 58383 | Zot:4    | Lost mutation: You are vulnerable to heat. (rF-) [potion of
                  | mutation]
 58383 | Zot:4    | Gained mutation: You are partially covered in iridescent
                  | scales. (AC +2) [potion of mutation]
 58386 | Zot:5    | Gained mutation: You occasionally lose the ability to read
                  | scrolls when taking damage. [an orb of fire]
 58392 | Zot:4    | HP: 44/186 [orb of fire/bolt of fire (8)]
 58393 | Zot:4    | Killed an orb of fire
 58726 | Zot:5    | Killed a dread lich
 58746 | Zot:5    | Killed an ancient lich
 58769 | Zot:5    | Reached skill level 10 in Spellcasting
 58846 | Zot:5    | Killed an electric golem
 58895 | Zot:5    | Gained mutation: You sometimes lose your temper in combat.
                  | [an orb of fire]
 58898 | Zot:5    | Killed an orb of fire
 58961 | Zot:5    | Killed an orb of fire
 58962 | Zot:5    | Reached skill level 23 in Fighting
 58980 | Zot:5    | Killed a dread lich
 59074 | Zot:5    | Reached skill level 23 in Dodging
 59078 | Zot:5    | Reached skill level 11 in Spellcasting
 59149 | Zot:5    | Killed an electric golem
 59352 | Zot:5    | Lost mutation: Armour fits poorly on your strangely shaped
                  | body. [potion of mutation]
 59352 | Zot:5    | Lost mutation: You are partially covered in iridescent
                  | scales. (AC +2) [potion of mutation]
 59352 | Zot:5    | Gained mutation: You sometimes lose the ability to read
                  | scrolls when taking damage. [potion of mutation]
 59352 | Zot:5    | Gained mutation: You are frail. (-10% HP) [potion of
                  | mutation]
 59353 | Zot:5    | Lost mutation: You are dopey. (Int -2) [potion of mutation]
 59353 | Zot:5    | Lost mutation: You occasionally shout uncontrollably at
                  | your foes. [potion of mutation]
 59353 | Zot:5    | Lost mutation: You are frail. (-10% HP) [potion of
                  | mutation]
 59353 | Zot:5    | Gained mutation: Your mind is acute. (Int +4, Str/Dex -1)
                  | [potion of mutation]
 59353 | Zot:5    | Gained mutation: A frigid envelope surrounds you and
                  | freezes all who hurt you. [potion of mutation]
 59353 | Zot:5    | Gained mutation: You are robust. (+10% HP) [potion of
                  | mutation]
 59356 | Zot:5    | Got the Orb of Zot
 59894 | D:$      | Escaped with the Orb!

Vanquished Creatures
  the Royal Jelly (Slime:5)
  2 dread liches (Zot:5)
  An ancient lich (Zot:5)
  8 orbs of fire
  Mara (Snake:3)
  Frederick (Vaults:2)
  3 Killer Klowns
  Xtahua (Vaults:2)
  3 curse toes
  Nikola (Vaults:2)
  10 golden dragons
  3 bone dragons
  the Enchantress (Depths:1)
  7 electric golems
  Rupert (D:14)
  A hellephant (Depths:3)
  18 tentacled monstrosities
  A lich (Abyss:2)
  24 Orb Guardians
  The ghost of Shimatora the Warrior, an adept NaBe of Trog (Snake:4)
  Asterion (Snake:4)
  6 quicksilver dragons
  16 acid blobs
  2 deep elf blademasters (Elf:3)
  4 titans
  2 deep elf master archers (Elf:3)
  A tentacled starspawn (Abyss:2)
  3 sphinxes
  10 death cobs
  9 shadow dragons
  An ancient champion (Elf:2)
  A thorn hunter (Swamp:4)
  The ghost of Stil the Thaumaturge, an adept DsVM of Ru (Elf:1)
  12 storm dragons
  2 Executioners
  Agnes (Snake:2)
  11 tengu reavers
  A revenant (Vaults:2)
  6 azure jellies
  Roxanne (D:14)
  7 draconian monks
  Donald (Vaults:2)
  10 rockslimes
  6 nagarajas (Snake:4)
  8 fire giants
  12 draconian scorchers
  10 draconian knights
  10 frost giants
  4 deep elf sorcerers
  3 iron dragons
  4 draconian shifters
  18 vault wardens
  2 orc warlords (Orc:2)
  An imperial myrmidon (Desolation)
  Aizul (Vaults:2)
  A curse skull (Elf:2)
  2 deep elf elementalists (Elf:3)
  4 ghost moths
  3 ghouls (Swamp:3)
  8 draconian annihilators
  19 ironbound preservers
  6 draconian stormcallers
  3 spriggan defenders (Depths:1)
  A caustic shrike skeleton (Depths:1)
  7 quicksilver oozes
  A vampire knight (Elf:2)
  2 war gargoyles
  Nessos (Lair:4)
  28 very ugly things
  7 deep elf demonologists
  22 stone giants
  5 eleionomae
  4 deep elf annihilators
  17 black draconians
  5 bunyips
  3 ironbound thunderhulks
  Azrael (D:14)
  9 yellow draconians
  22 dire elephants
  A starcursed mass (Abyss:3)
  10 green draconians
  10 purple draconians
  The ghost of Enogimy the Spry, a journeyman SpHu of Okawaru (Swamp:3)
  A halazid warlock (Desolation)
  13 white draconians
  15 red draconians
  2 crystal guardians (Desolation)
  10 deep elf death magi
  2 merfolk javelineers (Depths:1)
  12 ettins
  2 shambling mangroves (Swamp:4)
  An entropy weaver (Vaults:4)
  7 fire dragons
  14 yaktaur captains
  An entropy weaver (shapeshifter) (Abyss:3)
  10 servants of whispers (Desolation)
  5 jiangshi
  9 great orbs of eyes
  7 ragged hierophants (Desolation)
  6 deep elf high priests
  Harold (D:11)
  Fannar (D:11)
  3 rakshasas
  3 ogre magi
  2 ghost crabs
  5 ironbound frosthearts
  6 spriggan air magi
  20 hydras
  The ghost of zero the Thaumaturge, a journeyman GrEE of Kikubaaqudgha (D:12)
  A hell beast (Depths:2)
  2 salamander tyrants
  35 vault guards
  8 ice dragons
  8 peacekeepers (Desolation)
  A merfolk avatar (Lair:5)
  An anaconda (shapeshifter) (Elf:1)
  7 boulder beetles
  5 centaur warriors
  11 anacondas
  A two-headed ogre (shapeshifter) (Elf:3)
  3 tengu warriors
  15 two-headed ogres
  22 dancing weapons
  10 naga warriors
  A shock serpent (Snake:4)
  13 death yaks
  5 deep troll earth magi
  9 alligators
  13 deep troll shamans
  An orc high priest (Orc:2)
  A satyr (shapeshifter) (Depths:4)
  9 spriggan berserkers
  A sun demon (Abyss:2)
  A vampire mage (Depths:2)
  4 thrashing horrors
  A storm dragon zombie (Depths:1)
  16 naga sharpshooters
  3 shadow wraiths
  8 hell knights
  4 wretched stars
  A soul eater (Depths:2)
  17 iron trolls
  2 salamander mystics
  17 deep elf knights
  A death drake (Swamp:3)
  A fire crab (shapeshifter) (D:14)
  6 spatial maelstroms (Abyss:3)
  A skeletal warrior (Vaults:2)
  2 sixfirhies
  74 deep trolls
  7 sea snakes
  A fire crab (Lair:5)
  A storm dragon skeleton (Depths:1)
  2 elf simulacra (Elf:2)
  2 flayed ghosts (Vaults:5)
  5 goliath frogs
  9 bog bodies
  A golden dragon zombie (Depths:3)
  15 swamp dragons
  Amaemon (D:9)
  An orange crystal statue (Zot:5)
  3 naga ritualists
  11 deep elf archers
  A glowing orange brain (Depths:3)
  A lindwurm (shapeshifter) (Vaults:5)
  A tengu zombie (Depths:3)
  25 deep elf zephyrmancers
  Pikel (D:4)
  A swamp dragon (shapeshifter) (Vaults:5)
  2 spriggan druids
  A golden dragon skeleton (Vaults:3)
  A mana viper (Snake:2)
  29 ironbound convokers
  8 wizards
  13 lindwurms
  8 harpies
  5 necromancers
  6 phantasmal warriors
  11 orc sorcerers
  An oklob plant (Lair:5)
  5 orc knights
  51 ugly things
  19 deep elf pyromancers
  2 tengu skeletons
  10 cyclopes
  5 shining eyes
  An elephant (Lair:4)
  29 moths of wrath
  5 will-o-the-wisps
  3 manticores
  2 salamanders (shapeshifter) (Vaults:5)
  15 salamanders
  A rust devil (Depths:2)
  78 slime creatures
  34 black mambas
  2 eyes of devastation
  23 vault sentinels
  An orange demon (D:9)
  A cane toad (shapeshifter) (Abyss:3)
  2 centaur zombies (D:10)
  A torpor snail (Lair:3)
  A water nymph (shapeshifter) (Vaults:5)
  A naga zombie (Abyss:2)
  A molten gargoyle (Desolation)
  15 naga magi
  10 guardian serpents
  A frost giant skeleton (Depths:3)
  An ice statue (IceCv)
  2 eyes of devastation (shapeshifter)
  3 smoke demons
  A gargoyle (D:14)
  A human skeleton (Vaults:3)
  2 hellions
  13 cane toads
  A yaktaur (shapeshifter) (Abyss:3)
  7 rime drakes
  An unseen horror zombie (D:10)
  3 kobold demonologists (D:12)
  An unseen horror (D:13)
  An ancient zyme (Abyss:2)
  25 yaktaurs
  A guardian mummy (Vaults:4)
  15 komodo dragons
  2 tengu conjurers
  3 freezing wraiths
  2 tormentors
  11 polar bears
  3 meliai (D:12)
  10 tyrant leeches
  A queen bee (D:12)
  A tarantella (Vaults:5)
  2 bloated husks
  8 hornets
  A hellwing (Abyss:2)
  8 trolls
  16 blink frogs
  81 saltlings (Desolation)
  3 raiju
  2 snapping turtles (Lair:5)
  12 large abominations
  2 flying skulls
  4 air elementals
  4 vampires
  A culicivora (shapeshifter) (D:13)
  9 spriggans
  5 ynoxinuls
  2 wraiths
  10 water elementals
  Grum (D:9)
  2 shadows (D:10)
  5 wyverns
  4 basilisks
  13 golden eyes
  56 yaks
  A hog (shapeshifter) (Vaults:5)
  2 fire elementals
  3 chaos spawn
  8 humans (D:13)
  2 steam dragons
  5 redbacks
  8 vampire mosquitoes
  15 swamp worms
  22 nagas
  Edmund (D:6)
  4 wargs
  2 acid dragons (Zot:1)
  7 spatial vortices (Abyss:3)
  24 water moccasins
  6 hell hounds
  A floating eye (Slime:5)
  4 swamp drakes
  31 orc warriors
  6 black bears
  2 glowing shapeshifter skeletons
  A black bear (shapeshifter) (D:15)
  3 sky beasts (D:7)
  6 boggarts
  15 ogres
  34 wolves
  2 phantoms
  12 centaurs
  2 gnoll sergeants
  4 necrophages
  A scorpion (D:4)
  12 kobold brigands
  14 bullfrogs
  16 small abominations
  A cane toad simulacrum (Lair:3)
  8 wights
  An elephant simulacrum (Lair:3)
  25 killer bees
  6 electric eels
  3 lava snakes (Lair:3)
  9 howler monkeys
  2 quasits (Abyss:2)
  Crazy Yiuf (D:4)
  21 orc priests
  7 hounds
  2 jellies
  3 gnoll boudas
  3 iguanas
  30 orc wizards
  A lightning spire (Zot:2)
  4 hell rats (Lair:1)
  A wolf simulacrum (Lair:3)
  A howler monkey zombie (D:10)
  21 gnolls
  8 adders
  3 white imps
  An ufetubus (Abyss:2)
  A worm (D:2)
  3 dart slugs
  81 orcs
  8 ball pythons
  9 endoplasms
  7 giant cockroaches
  6 goblins
  6 hobgoblins
  6 jackals
  5 quokkas
  6 bats
  4 frilled lizards
  9 kobolds
  4 rats
  2 lost souls (Elf:2)
  A starspawn tentacle (Vaults:5)
2432 creatures vanquished.

Vanquished Creatures (collateral kills)
  A dancing weapon (Elf:2)
  A deep elf zephyrmancer (Elf:2)
  A deep elf pyromancer (Elf:2)
  An elephant (Lair:5)
  A cane toad (Lair:5)
5 creatures vanquished.

Vanquished Creatures (others)
  A dread lich (Zot:5)
  An orb of fire (Zot:5)
  2 tentacled monstrosities (Zot:5)
  2 Orb Guardians (Zot:5)
  A storm dragon (Zot:5)
  A draconian knight (Zot:1)
  A draconian annihilator (Zot:5)
  A very ugly thing (Abyss:2)
  A purple draconian (Zot:5)
  A black draconian (Zot:5)
  2 red draconians
  2 vault guards (Vaults:5)
  A boulder beetle (shapeshifter) (Vaults:5)
  3 deep elf zephyrmancers
  A moth of wrath (Zot:5)
  A faun (shapeshifter) (Vaults:5)
  2 yaktaurs
  A freezing wraith (Vaults:5)
  2 polar bears
  2 bloated husks
  A hornet (Swamp:1)
  A human (D:13)
  4 bushes (Lair:5)
  10 foxfires
  20 fungi
  86 plants
  25 starspawn tentacles
176 creatures vanquished.

Grand Total: 2613 creatures vanquished

Table legend:
 A = Non-vault XP
 B = Vault XP
 C = Vault XP percentage of total XP
 D = Non-vault monster count
 E = Vault monster count
 F = Vault count percentage of total count
                 A         B        C        D         E       F
            +---------+---------+-------+---------+---------+-------
      Total |  785393 |  683017 |  46.5 |    1495 |     892 |  37.4
            +---------+---------+-------+---------+---------+-------
        D:1 |      47 |       0 |   0.0 |      27 |       0 |   0.0
        D:2 |      48 |       0 |   0.0 |      19 |       0 |   0.0
        D:3 |     143 |       2 |   1.4 |      10 |       1 |   9.1
        D:4 |     225 |     793 |  77.9 |      16 |       4 |  20.0
        D:5 |     997 |       0 |   0.0 |      23 |       0 |   0.0
        D:6 |    1400 |     164 |  10.5 |      28 |       1 |   3.4
        D:7 |    1061 |       3 |   0.3 |      28 |       1 |   3.4
        D:8 |    2875 |       0 |   0.0 |      42 |       0 |   0.0
        D:9 |    2066 |    3403 |  62.2 |      14 |      22 |  61.1
       D:10 |    1218 |    1759 |  59.1 |      34 |       8 |  19.0
       D:11 |    7446 |    4619 |  38.3 |      22 |      15 |  40.5
       D:12 |    6421 |    4550 |  41.5 |      22 |      30 |  57.7
       D:13 |    5178 |    4580 |  46.9 |      16 |      12 |  42.9
       D:14 |    7541 |    4910 |  39.4 |      13 |       7 |  35.0
       D:15 |   11580 |    1040 |   8.2 |      25 |       1 |   3.8
     Lair:1 |    5682 |     151 |   2.6 |      36 |       1 |   2.7
     Lair:2 |    6665 |    2682 |  28.7 |      25 |       9 |  26.5
     Lair:3 |    6173 |    2054 |  25.0 |      24 |      12 |  33.3
     Lair:4 |    4962 |    1582 |  24.2 |      17 |       2 |  10.5
     Lair:5 |   12485 |    6125 |  32.9 |      32 |      15 |  31.9
    Swamp:1 |   11231 |       0 |   0.0 |      25 |       0 |   0.0
    Swamp:2 |    9472 |       0 |   0.0 |      19 |       0 |   0.0
    Swamp:3 |   11665 |    6692 |  36.5 |      20 |       7 |  25.9
    Swamp:4 |   12606 |   21052 |  62.5 |      23 |      29 |  55.8
    Snake:1 |   16991 |    5513 |  24.5 |      31 |       7 |  18.4
    Snake:2 |    8904 |    1407 |  13.6 |      19 |       1 |   5.0
    Snake:3 |    6584 |    4277 |  39.4 |      13 |       1 |   7.1
    Snake:4 |   17254 |   27543 |  61.5 |      36 |      36 |  50.0
    Slime:1 |    2781 |       0 |   0.0 |       5 |       0 |   0.0
    Slime:2 |    8224 |       0 |   0.0 |      20 |       0 |   0.0
    Slime:3 |    4854 |     934 |  16.1 |      13 |       4 |  23.5
    Slime:4 |   12443 |       0 |   0.0 |      25 |       0 |   0.0
    Slime:5 |    8001 |   21157 |  72.6 |      12 |      18 |  60.0
      Orc:1 |    2895 |       0 |   0.0 |      32 |       0 |   0.0
      Orc:2 |    5594 |    7081 |  55.9 |      41 |      35 |  46.1
      Elf:1 |   15053 |   12011 |  44.4 |      25 |      20 |  44.4
      Elf:2 |   13439 |   30995 |  69.8 |      20 |      43 |  68.3
      Elf:3 |   12431 |   26336 |  67.9 |      21 |      24 |  53.3
   Vaults:1 |   23427 |   18460 |  44.1 |      30 |      22 |  42.3
   Vaults:2 |   46242 |   35216 |  43.2 |      70 |      37 |  34.6
   Vaults:3 |   43845 |   14885 |  25.3 |      59 |      22 |  27.2
   Vaults:4 |   16114 |   37900 |  70.2 |      25 |      49 |  66.2
   Vaults:5 |   18971 |   90176 |  82.6 |      32 |      86 |  72.9
   Depths:1 |   43832 |    7824 |  15.1 |      62 |       9 |  12.7
   Depths:2 |   50684 |   19636 |  27.9 |      57 |      21 |  26.9
   Depths:3 |   24880 |    1206 |   4.6 |      28 |       4 |  12.5
   Depths:4 |   25634 |   20037 |  43.9 |      29 |      19 |  39.6
      Zot:1 |   45523 |   17788 |  28.1 |      40 |      12 |  23.1
      Zot:2 |   24009 |   17055 |  41.5 |      22 |      14 |  38.9
      Zot:3 |   36322 |   20515 |  36.1 |      26 |      15 |  36.6
      Zot:4 |   46587 |   14096 |  23.2 |      39 |       3 |   7.1
      Zot:5 |   49039 |   80137 |  62.0 |      40 |      35 |  46.7
    Abyss:1 |     793 |       0 |   0.0 |       1 |       0 |   0.0
    Abyss:2 |   17055 |       0 |   0.0 |      42 |       0 |   0.0
    Abyss:3 |    7801 |   11683 |  60.0 |      20 |      13 |  39.4
      IceCv |       0 |   14561 | 100.0 |       0 |      36 | 100.0
 Desolation |       0 |   58427 | 100.0 |       0 |     129 | 100.0
            +---------+---------+-------+---------+---------+-------

Illustrated notes

Table legend:
 A = Kills in this place as a percentage of kills in entire the game.
 B = Kills by you in this place as a percentage of kills by you in the entire game.
 C = Kills by friends in this place as a percentage of kills by friends in the entire game.
 D = Other kills in this place as a percentage of other kills in the entire game.
 E = Experience gained in this place as a percentage of experience gained in the entire game.
 F = Experience gained in this place divided by the number of levels of this place that you have seen.
                   A       B       C       D       E      F
               +-------+-------+-------+-------+-------+----------------------
         Total | 100.0 | 100.0 | 100.0 | 100.0 | 100.0 | 24576.4
       Dungeon |  18.6 |  18.9 |   0.0 |   0.0 |   5.3 | 5226.3
          Lair |   7.2 |   7.2 |  40.0 |   0.0 |   3.3 | 9712.2
         Swamp |   5.1 |   5.1 |   0.0 |   8.7 |   4.9 | 18179.5
     Snake Pit |   6.0 |   6.1 |   0.0 |   0.0 |   6.0 | 22118.2
    Slime Pits |   4.1 |   4.1 |   0.0 |   0.0 |   4.0 | 11678.8
  Orcish Mines |   4.5 |   4.6 |   0.0 |   0.0 |   1.1 | 7785.0
   Elven Halls |   6.4 |   6.3 |  60.0 |   4.3 |   7.5 | 36755.0
        Vaults |  18.1 |  17.9 |   0.0 |  39.1 |  23.4 | 69047.2
        Depths |   9.6 |   9.6 |   0.0 |  17.4 |  13.3 | 48895.0
           Zot |  10.3 |  10.1 |   0.0 |  26.1 |  23.8 | 70214.2
         Abyss |   3.2 |   3.2 |   0.0 |   4.3 |   2.5 | 9333.0
      Ice Cave |   1.5 |   1.5 |   0.0 |   0.0 |   1.0 | 14561.0
    Desolation |   5.4 |   5.5 |   0.0 |   0.0 |   4.0 | 58427.0
               +-------+-------+-------+-------+-------+----------------------

Table legend: (Time is in decaauts)
 A = Elapsed time spent in this place.
 B = Non-inter-level travel time spent in this place.
 C = Inter-level travel time spent in this place.
 D = Time resting spent in this place.
 E = Time spent auto-exploring this place.
 F = Levels seen in this place.
 G = Mean time per level.
                   A        B        C        D        E       F      G
               +--------+--------+--------+--------+--------+-----+--------+
         Total |  54654 |  47792 |   6862 |   2858 |  30984 |  60 |  910.9 |
       Dungeon |  12587 |  10604 |   1983 |    176 |   8015 |  15 |  839.1 |
        Temple |      1 |      1 |      0 |      0 |      0 |   1 |    1.0 |
          Lair |   5858 |   4680 |   1178 |     58 |   3248 |   5 | 1171.6 |
         Swamp |   2709 |   2464 |    245 |     68 |   1569 |   4 |  677.2 |
     Snake Pit |   3307 |   3102 |    205 |    159 |   2141 |   4 |  826.8 |
    Slime Pits |   1634 |   1422 |    212 |    180 |    404 |   5 |  326.8 |
  Orcish Mines |   1967 |   1523 |    444 |     72 |    853 |   2 |  983.5 |
   Elven Halls |   4011 |   3612 |    399 |    461 |   2063 |   3 | 1337.0 |
        Vaults |   7921 |   6842 |   1079 |    156 |   4690 |   5 | 1584.2 |
        Depths |   5687 |   4808 |    879 |    326 |   3416 |   4 | 1421.8 |
           Zot |   6537 |   6304 |    233 |    966 |   3909 |   5 | 1307.4 |
         Abyss |    561 |    561 |      0 |      0 |      0 |   4 |  140.2 |
         Trove |    122 |    122 |      0 |      0 |     92 |   1 |  122.0 |
      Ice Cave |    635 |    635 |      0 |     17 |    157 |   1 |  635.0 |
    Desolation |   1111 |   1111 |      0 |    215 |    423 |   1 | 1111.0 |
               +--------+--------+--------+--------+--------+-----+--------+

Top non-repeatable levels by time:
Vaults:2: 2159 daAuts
   Elf:3: 1863 daAuts
Depths:1: 1732 daAuts
   Zot:2: 1671 daAuts
Depths:2: 1596 daAuts
   Zot:3: 1576 daAuts
Vaults:3: 1563 daAuts
   Zot:4: 1510 daAuts
Vaults:4: 1472 daAuts
  Lair:1: 1417 daAuts
Vaults:1: 1414 daAuts
   Orc:2: 1403 daAuts
Vaults:5: 1311 daAuts
  Lair:2: 1309 daAuts
Depths:4: 1261 daAuts
